Workbook
Name аааааппппппрррппппппп: #REF!
Name аараооооооооооооо: #REF!
Name автом: #REF!
Name алшрльоплварл: #REF!
Name аолвлддддддддддддддддввввввввв: #REF!
Name апарв: #REF!
Name апрлдджаоырыфрпопрлпрлпрлп: #REF!
Name арлггаджаш: #REF!
Name ароррбллтблпроорапииас: #REF!
Name арррррблллпдрлдддддддддд: #REF!
Name варпаааааааааа: #REF!
Name ввпьььььлднд: #REF!
Name вед: #REF!
Name вертикальная: #REF!
Name вертикплан: #REF!
Name волен: #REF!
Name вп: #REF!
Name впырпфдыпл: #REF!
Name впьглорьтитттттттттт: #REF!
Name всввввввввввввввввввввввввв: #REF!
Name выб: #REF!
Name выпуск: #REF!
Name выьлепвввввпмп: #REF!
Name еваопродолжэрщэрзшщщх: #REF!
Name измен: #REF!
Name итого: #REF!
Name итого_сантех: #REF!
Name итого_стр: #REF!
Name итого_строит: #REF!
Name итого_технол: #REF!
Name итого_электр: #REF!
Name квота: #REF!
Name кккккккккк: #REF!
Name корек: #REF!
Name корект: #REF!
Name корректир: #REF!
Name лен: #REF!
Name лот: #REF!
Name мамиааааааааааааааааааааааааааааа: #REF!
Name ммпоослччччччччччрччапппппппппр: #REF!
Name мрол: #REF!
Name оз: #REF!
Name озелен: #REF!
Name озеленение: #REF!
Name озеленение2: #REF!
Name ОСР: #REF!
Name ОСР110: #REF!
Name ОСР111: #REF!
Name план: #REF!
Name планировка: #REF!
Name плдщхэж.юрббдлююбо: #REF!
Name площадки: #REF!
Name пос: #REF!
Name прав: #REF!
Name прлппппппппппппппрррррррр: #REF!
Name провбп: #REF!
Name проект: #REF!
Name пропппп: #REF!
Name рпоолллллбрюююююююююююю: #REF!
Name сааповвыыыыыеееееггггггггг: #REF!

Sheet СМР
A1: Расчет начальной (максимальной) цены на
A2: выполнение строительно-монтажных работ по объектам войсковой части 3275
A4: Наименование глав ССР, объектный сметных расчетов, локальных сметных расчетов, видов прочих работ | B4: Сметная стоимость строительства в базисном уровне цен на 01.01.2000г. по ССР | F4: Остаток сметной стоимости в базисном уровне цен на 01.01.2015 | J4: Сметная стоимость строительства в базисном уровне цен на 01.01.2000г., выставленная на конкурс | N4: Текущая стоимость на момент определения начальной (максимальной) цены | O4: № обосновывающего расчета | P4: 2015 год
B5: Всего | C5: СМР | D5: Оборудование | E5: Прочие | F5: Всего | G5: СМР | H5: Оборудование | I5: Прочие | J5: Всего | K5: СМР | L5: Оборудование | M5: Прочие | P5: СМР | Q5: Оборудование | R5: Прочие
A6: 1 | B6: 2 | C6: 3 | D6: 4 | E6: 5 | F6: 6 | G6: 7 | H6: 8 | I6: 9 | J6: 10 | K6: 11 | L6: 12 | M6: 13 | N6: 14 | O6: 15 | P6: 16 | Q6: 17 | R6: 18
A7: Раздел:разборка конструкций. На реконструкцию кровли в пролете А-Г в рядах 1-14 здания казармы №2 в/ч 3275. | B7: 722021 | C7: 722021 | D7: 0 | F7: 722021 | G7: =C7 -> 722021 | H7: =D7 -> 0 | I7: =E7 -> 0 | J7: 722021 | K7: =P7 -> 722021 | L7: =Q7 -> 0 | M7: =R7 -> 0 | O7: 25514 | P7: =G7 -> 722021 | Q7: =H7 -> 0 | R7: =I7 -> 0
A8: Раздел:электроосвещение. На реконструкцию кровли в пролете А-Г в рядах 1-14 здания казармы №2 в/ч 3275. | B8: 38073 | C8: 36474 | E8: 1599 | F8: =SUM(G8:I8) -> 38073 | G8: =C8 -> 36474 | H8: =D8 -> 0 | I8: =E8 -> 1599 | J8: =SUM(K8:M8) -> 38073 | K8: =P8 -> 36474 | L8: =Q8 -> 0 | M8: =R8 -> 1599 | O8: 25532 | P8: =G8 -> 36474 | Q8: =H8 -> 0 | R8: =I8 -> 1599
A9: На установку электрического проточного водонагревателя ЭПВН-120. Войсковая часть № 3275 Банно-прачечный комбинат.Раздел: водопровод и канализация. | B9: 10638 | C9: 10638 | D9: 0 | F9: 10638 | G9: =C9 -> 10638 | H9: =D9 -> 0 | I9: =E9 -> 0 | J9: =SUM(K9:M9) -> 10638 | K9: =P9 -> 10638 | L9: =Q9 -> 0 | M9: =R9 -> 0 | O9: 25493 | P9: =G9 -> 10638 | Q9: =H9 -> 0 | R9: =I9 -> 0
A10: На :электроснабжение (наружные сети). Войсковая часть № 3275 Банно-прачечный комбинат.Водонагревателя ЭПВН-120 | B10: 130156 | C10: 116741 | D10: 11689 | E10: 1726 | F10: =SUM(G10:I10) -> 130156 | G10: =C10 -> 116741 | H10: =D10 -> 11689 | I10: =E10 -> 1726 | J10: =SUM(K10:M10) -> 130156 | K10: =P10 -> 116741 | L10: =Q10 -> 11689 | M10: =R10 -> 1726 | O10: 25460 | P10: =G10 -> 116741 | Q10: =H10 -> 11689 | R10: =I10 -> 1726
A11: На установку жироуловителя. В/ч 3275. Столовая.Инв.№5500459.Раздел:наружная канализация. | B11: 62903 | C11: 18896 | D11: 44007 | F11: =SUM(G11:I11) -> 62903 | G11: =C11 -> 18896 | H11: =D11 -> 44007 | I11: =E11 -> 0 | J11: =SUM(K11:M11) -> 62903 | K11: =P11 -> 18896 | L11: =Q11 -> 44007 | M11: =R11 -> 0 | O11: 25466 | P11: =G11 -> 18896 | Q11: =H11 -> 44007 | R11: =I11 -> 0
A12: На установку жироуловителя. В/ч 3275. Столовая.Инв.№5500459.Раздел:архитектурно-строительные решения. | B12: 57635 | C12: 57635 | D12: 0 | F12: 57635 | G12: =C12 -> 57635 | H12: =D12 -> 0 | I12: =E12 -> 0 | J12: =SUM(K12:M12) -> 57635 | K12: =P12 -> 57635 | L12: =Q12 -> 0 | M12: =R12 -> 0 | O12: 25467 | P12: =G12 -> 57635 | Q12: =H12 -> 0 | R12: =I12 -> 0
A13: На установку жироуловителя. В/ч 3275. Столовая.Инв.№5500459. Раздел: Силовое электрооборудование. | B13: 4988 | C13: 4641 | D13: 0 | E13: 347 | F13: =SUM(G13:I13) -> 4988 | G13: =C13 -> 4641 | H13: =D13 -> 0 | I13: =E13 -> 347 | J13: =SUM(K13:M13) -> 4988 | K13: =P13 -> 4641 | L13: =Q13 -> 0 | M13: =R13 -> 347 | O13: 25468 | P13: =G13 -> 4641 | Q13: =H13 -> 0 | R13: =I13 -> 347
A14: Итого в ценах 2000 года: | B14: =SUM(B7:B13) -> 1026414 | C14: =SUM(C7:C13) -> 967046 | D14: =SUM(D7:D13) -> 55696 | E14: =SUM(E7:E13) -> 3672 | F14: =SUM(F7:F13) -> 1026414 | G14: =SUM(G7:G13) -> 967046 | H14: =SUM(H7:H13) -> 55696 | I14: =SUM(I7:I13) -> 3672 | ... M14: =SUM(M7:M13) -> 3672 | N14: =SUM(P14:R14) -> 1026414 | P14: =SUM(P7:P13) -> 967046 | Q14: =SUM(Q7:Q13) -> 55696 | R14: =SUM(R7:R13) -> 3672
A15: Итого в текущих ценах*: | N15: =SUM(P15:R15) -> 5766856 | P15: =ROUND(P14*5.71,0) -> 5521833 | Q15: =ROUND(Q14*3.74,0) -> 208303 | R15: =ROUND(R14*10,0) -> 36720
A16: Итого с индексом инфляции** | N16: =SUM(P16:R16) -> 6060965 | P16: =ROUND(P15*1.051,0) -> 5803446 | Q16: =ROUND(Q15*1.051,0) -> 218926 | R16: =ROUND(R15*1.051,0) -> 38593
A17: НДС 18% | N17: =SUM(P17:R17) -> 1090973.7 | P17: =ROUND(P16*18%,2) -> 1044620.3 | Q17: =ROUND(Q16*18%,2) -> 39406.68 | R17: =ROUND(R16*18%,2) -> 6946.74
A18: Всего: | N18: =SUM(P18:R18) -> 7151938.7 | P18: =SUM(P16:P17) -> 6848066.3 | Q18: =SUM(Q16:Q17) -> 258332.68 | R18: =SUM(R16:R17) -> 45539.74
P19: 60000000
A20: * В расчете использованы индексы: | Q20: =P19-P18 -> 53151934
A21: - 5,71 индекс изменения сметной стоимости СМР к ТЕР 2001 (письмо Минстроя России от 13.11.2014 №25374-ЮР, приложение 1, прочие объекты).
A22: - 3,74 индекс изменения сметной стоимости оборудования к ТЕР 2001 (письмо Минстроя России от 13.11.2014 №25374-ЮР, приложение 5, экономика в целом
A23: - 10,00 индекс изменения сметной стоимости прочих затрат к ТЕР 2001 (письмо Минстроя России от 13.11.2014 №25374-ЮР, приложение 1, пусконаладочные работы
A24: ** В расчете использован индекс-дефлятор по инвестициям в основной капитал 2015/2014 - 1,051 по мисьмам: Минэконом развития России от 25.09.2013 №20402-АК/ДОЗи, Госкорпорации "Росатом" от 10.02.2014 № 1-12.8/4385
A25: Начальник отдела капитального строительства
A26: ФГУП "Комбинат "Электрохимприбор" | H26: В.В. Моляков
A28: Инженер договорной группы | H28: И.А. Клюсова
A30: Согласовано | H30: отд. 028

Sheet НМЦ договора
A4: Определение начальной (максимальной) цены договора генерального подряда
A5: на выполнение строительно-монтажных работ по объектам войсковой части 3275
A6: на 2015 год
A8: Способ закупки: открытый запрос предложений
G10: ц.2000г./текущие цены, руб.
A11: Наименование услуг и работ (затрат) | C11: Сметная стоимость строительства в базисном уровне цен на 01.01.2000 г. | D11: Сметная стоимость строительства в текущем уровне цен, пресчитанная на момент проведения процедуры закупки | F11: Начальная (максимальная) цена | G11: в том числе по годам строительства
G14: 2015 г.
A18: 1 | C18: 2 | D18: 3 | F18: 4 | G18: 5
A19: СМР | C19: 967046 | D19: 5521833 | F19: =G19 -> 5803446 | G19: =СМР!P16 -> 5803446
A20: Оборудование | C20: =СМР!L14 -> 55696 | D20: 208303 | F20: =G20 -> 218926 | G20: =СМР!Q16 -> 218926
A21: Прочие затраты | C21: =СМР!M14 -> 3672 | D21: 36720 | F21: =G21 -> 38593 | G21: =СМР!R16 -> 38593
A22: Всего: | C22: =SUM(C19:C21) -> 1026414 | D22: =SUM(D19:D21) -> 5766856 | F22: =G22 -> 6060965 | G22: =SUM(G19:G21) -> 6060965
A23: НДС | F23: =G23 -> 1090973.7 | G23: =СМР!N17 -> 1090973.7
A24: Итого с НДС | F24: =G24 -> 7151938.7 | G24: =SUM(G22:G23) -> 7151938.7
A26: В расчете использованы индексы:
A27: - 5,71 индекс изменения сметной стоимости СМР к ТЕР 2001 (письмо Минстроя России от 13.11.2014 №25374-ЮР, приложение 1, прочие объекты). - 3,74 индекс изменения сметной стоимости оборудования к ТЕР 2001 (письмо Минстроя России от 13.11.2014 №25374-ЮР, приложение 5, экономика в целом
A28: - 10,00 индекс изменения сметной стоимости прочих затрат к ТЕР 2001 (письмо Минстроя России от 13.11.2014 ** В расчете использован индекс-дефлятор по инвестициям в основной капитал 2015/2014 - 1,051 по мисьмам: Минэконом развития России от 25.09.2013 №20402-АК/ДОЗи, Госкорпорации "Росатом" от 10.02.2014 № 1-12.8/4385
A30: Начальник отдела капитального строительства
A31: ФГУП "Комбинат "Электрохимприбор" | G31: В.В. Моляков
A33: Инженер договорной группы | G33: И.А. Клюсова
A35: Согласовано | G35: отд. 028

Sheet 25514
A1: СОГЛАСОВАНО: | E1: ФГУП "Комбинат "Электрохимприбор" | M1: УТВЕРЖДАЮ:
G2: (наименование стройки) | M2: Зам.генерального директора
A3: _________________ | N3: Е.В. Гордеев
A4: " _____ " ________________ 2014 г. | M4: __________________
M5: "______ " __________2014 г.
H7: ЛОКАЛЬНЫЙ СМЕТНЫЙ РАСЧЕТ № 25514
H8: (локальная смета)
C10: на | D10: реконструкцию кровли в пролете А-Г в рядах 1-14 здания казармы №2 в/ч 3275.
D11: Инв.№5400637
H12: (наименование работ и затрат, наименование объекта)
D14: Основание: Проект № 24968-14-АС | N14: Справочно, в тыс.руб. :
D15: Сметная стоимость строительных работ _______________________________________________________________________________________________ | J15: ___________________________722,021 | L15: тыс. руб. | N15: с К=5,98 | P15: =722.021*5.98 -> 4317.6856
D16: Средства на оплату труда _______________________________________________________________________________________________ | J16: ___________________________146,971 | L16: тыс. руб. | N16: с К=5,98 | P16: =146.971*5.98 -> 878.88658
D17: Сметная трудоемкость _______________________________________________________________________________________________ | J17: _______________________________________________________________________________________________11021,6 | L17: чел.час
D18: Материалы_______________________________________________324,296 | L18: тыс. руб. | N18: с К=5,98 | P18: =324.296*5.98 -> 1939.2901
D19: Составлен(а) в базовых ценах 2001г. в редакции 2009г.
A21: № пп | B21: Обосно- вание | C21: Наименование | D21: Ед. изм. | E21: Кол. | F21: Стоимость единицы, руб. | J21: Общая стоимость, руб. | N21: Т/з осн. раб.на ед. | O21: Т/з осн. раб. Всего | P21: Т/з мех. на ед. | Q21: Т/з мех. Всего
F22: Всего | G22: В том числе | J22: Всего | K22: В том числе
G23: Осн.З/п | H23: Эк.Маш | I23: З/пМех | K23: Осн.З/п | L23: Эк.Маш | M23: З/пМех
A24: 1 | B24: 2 | C24: 3 | D24: 4 | E24: 5 | F24: 6 | G24: 7 | H24: 8 | I24: 9 | J24: 10 | K24: 11 | L24: 12 | M24: 13 | N24: 14 | O24: 15 | P24: 16 | Q24: 17
A25: Раздел 1. Разборка конструкций
A26: 1 | B26: ТЕРр58-17-3 | C26: Разборка покрытий кровель из волнистых и полуволнистых асбестоцементных листов | D26: 100 м2 | E26: 13.26 | F26: 269.27 | G26: 268.05 | H26: 1.22 | J26: 3571 | K26: 3555 | L26: 16 | N26: 24.39 | O26: 323.41
A27: 2 | B27: ТЕРр58-17-1 | C27: Разборка покрытий кровель из листовой стали (настил, коньковый элемент, ендова) | D27: 100 м2 | E27: 10.468 | F27: 115.77 | G27: 115.29 | H27: 0.48 | J27: 1212 | K27: 1207 | L27: 5 | N27: 10.49 | O27: 109.81
A28: 3 | B28: ТЕРр58-1-1 | C28: Разборка деревянных элементов конструкций крыш: обрешетки из брусков с прозорами | D28: 100 м2 кровли | E28: 13.26 | F28: 287.38 | G28: 169.64 | H28: 117.74 | I28: 8.37 | J28: 3811 | K28: 2250 | L28: 1561 | M28: 111 | N28: 15.16 | O28: 201.02 | P28: 0.46 | Q28: 6.1
A29: 4 | B29: ТЕРр58-5-5 | C29: Замена деревянных элементов конструкций крыш смена отдельных частей мауэрлатов с осмолкой и обертывание толью | D29: 100 м | E29: 1.51 | F29: 3962.2 | G29: 1924.12 | H29: 72.27 | J29: 5983 | K29: 2905 | L29: 109 | N29: 160.21 | O29: 241.92
A30: 5 | B30: ТЕРр58-5-2 | C30: Замена деревянных элементов конструкций крыш смена стропильных ног из бревен | D30: 100 м | E30: 3.55 | F30: 3706.32 | G30: 1924.12 | H30: 72.27 | J30: 13157 | K30: 6831 | L30: 257 | N30: 160.21 | O30: 568.75
A31: 6 | B31: ТЕРр58-5-5 прим. | C31: Замена деревянных элементов конструкций крыш смена отдельных частей ендовы | D31: 100 м | E31: 0.34 | F31: 3962.2 | G31: 1924.12 | H31: 72.27 | J31: 1347 | K31: 654 | L31: 25 | N31: 160.21 | O31: 54.47
A32: 7 | B32: ТЕРр58-5-4 прим. | C32: Замена деревянных элементов конструкций крыш смена кобылок из доски 40х150мм | D32: 100 м | E32: 1.28 | F32: 3185.49 | G32: 1600.33 | H32: 21.75 | J32: 4077 | K32: 2048 | L32: 28 | N32: 133.25 | O32: 170.56
A33: 8 | B33: ТЕРр58-2-2 | C33: Разборка слуховых окон прямоугольных односкатных | D33: 100 окон | E33: 0.02 | F33: 3472.84 | G33: 3461.07 | H33: 11.77 | J33: 69 | K33: 69 | N33: 309.3 | O33: 6.19
A34: 9 | B34: ТЕРр69-7-2 | C34: Разборка переходных мостиков и лестниц на чердаке (Разборка ОЗП=0,8; ЭМ=0,8 к расх.; ЗПМ=0,8; МАТ=0 к расх.; ТЗ=0,8; ТЗМ=0,8) | D34: 100 п. м переходных мостиков | E34: 0.06 | F34: 1106.25 | G34: 942.95 | H34: 163.3 | I34: 5.75 | J34: 66 | K34: 57 | L34: 9 | N34: 83.52 | O34: 5.01 | P34: 0.368 | Q34: 0.02
A35: 10 | B35: ТЕРр69-7-1 | C35: Разборка ходов на чердаке (Разборка ОЗП=0,8; ЭМ=0,8 к расх.; ЗПМ=0,8; МАТ=0 к расх.; ТЗ=0,8; ТЗМ=0,8) | D35: 100 п. м ходов | E35: 0.18 | F35: 202.08 | G35: 187.86 | H35: 14.22 | I35: 2.13 | J35: 36 | K35: 34 | L35: 2 | N35: 16.64 | O35: 3 | P35: 0.136 | Q35: 0.02
A36: 11 | B36: ТЕРр51-3-1 прим. | C36: Снятие шлака с перекрытия (МАТ=0 к расх.) | D36: 100 м3 грунта | E36: 2.7 | F36: 5211.44 | G36: 5209.26 | H36: 2.18 | J36: 14071 | K36: 14065 | L36: 6 | N36: 474 | O36: 1279.8
A37: 12 | B37: ТЕРр51-3-1 прим. | C37: Перелопачивание шлака (МАТ=0 к расх.) | D37: 100 м3 грунта | E37: 1.53 | F37: 5211.44 | G37: 5209.26 | H37: 2.18 | J37: 7974 | K37: 7971 | L37: 3 | N37: 474 | O37: 725.22
A38: 13 | B38: ТЕРр58-17-5 | C38: Разборка теплоизоляции на кровле из ваты минеральной толщиной 100 мм | D38: 100 м2 | E38: 2.4 | F38: 142.62 | G38: 140.48 | H38: 2.14 | J38: 342 | K38: 337 | L38: 5 | N38: 13.08 | O38: 31.39
A39: 14 | B39: ФССЦпг01-01-01-041 | C39: Погрузочные работы при автомобильных перевозках: Мусор строительный с погрузкой вручную ( в том числе лишний шлак) (п.1.1.9 ОП Прил.1. Поясной коэффициент: Свердловская, Челябинская области ПЗ=1,1 (ОЗП=1,1; ЭМ=1,1; ЗПМ=1,1; МАТ=1,1)) | D39: 1 т груза | E39: 140.35 | F39: 47.28 | G39: 47.28 | J39: 6636 | K39: 6636
A40: 15 | B40: ФССЦпг03-21-01-040 | C40: Перевозка грузов автомобилями-самосвалами грузоподъемностью 10 т, работающих вне карьера, на расстояние: до 40 км I класс груза (15 Поясные коэффициенты к сметным ценам на перевозку грузов автомобильным транспортом: Свердловская, Челябинская и Пермская области ПЗ=1,1 (ОЗП=1,1; ЭМ=1,1; ЗПМ=1,1; МАТ=1,1)) | D40: 1 т груза | E40: 140.35 | F40: 25.55 | H40: 25.55 | J40: 3586 | L40: 3586
A41: Итого прямые затраты по разделу в ценах 2001г. | J41: 65938 | K41: 48619 | L41: 5612 | M41: 111 | O41: 3720.55 | Q41: 6.14
A42: Итого прямые затраты по разделу с учетом коэффициентов к итогам | J42: 79490 | K42: 61658 | L42: 6125 | M42: 145 | O42: 4650.69 | Q42: 7.68
A43: Накладные расходы | J43: 43248
A44: Сметная прибыль | J44: 29910
A45: Итого по разделу 1 Разборка конструкций | J45: 152648 | O45: 4650.69 | Q45: 7.68
A46: Раздел 2. Покрытия и кровли
A47: 16 | B47: ТЕР26-02-014-01 | C47: Огнезащитное покрытие деревянных конструкций мансард и элементов кровли составом «АТТИК» 717,65 = 3 796,05 - 65 x 47,36 | D47: 100 м2 | E47: 34.476 | F47: 717.65 | G47: 535.97 | H47: 162.13 | J47: 24742 | K47: 18478 | L47: 5590 | N47: 41.42 | O47: 1428
A48: 17 | B48: Цена поставщика 2014г. | C48: Состав огнезащитный "КОС-КД" (расход 300г/м2) | D48: кг | E48: 1034.3 | F48: 26,93 190/1,18/5,98 | J48: 27854
A49: 18 | B49: ТЕР12-01-015-03 | C49: Устройство пароизоляции прокладочной в один слой 149,45 = 1 204,92 - 0,05 x 3 641,40 - 110 x 7,94 | D49: 100 м2 | E49: 13.26 | F49: 149.45 | G49: 96.59 | H49: 52.86 | I49: 2.37 | J49: 1982 | K49: 1281 | L49: 701 | M49: 31 | N49: 7.84 | O49: 103.96 | P49: 0.13 | Q49: 1.72
A50: 19 | B50: ТСЦ-101-4135 | C50: Пленка пароизоляционная ЮТАФОЛ (3-х слойная полиэтиленовая с армированным слоем из полиэтиленовых полос) | D50: м2 | E50: 1326 | F50: 6.65 | J50: 8818
A51: 20 | B51: ТЕР10-01-010-01 | C51: Установка элементов обрешетки. | D51: 1 м3 | E51: 13.5 | F51: 2253.34 | G51: 265.73 | H51: 42.08 | J51: 30420 | K51: 3587 | L51: 568 | N51: 22.5 | O51: 303.75
A52: 21 | B52: ТЕР12-01-023-02 прим. | C52: Устройство кровли из профилированного стального настила по готовым прогонам средней сложности 1 506,88 = 11 343,80 - 860 x 0,21 - 128 x 75,44 | D52: 100 м2 кровли | E52: 14.3108 | F52: 1506.88 | G52: 501.77 | H52: 215.51 | I52: 14.38 | J52: 21565 | K52: 7181 | L52: 3084 | M52: 206 | N52: 41.23 | O52: 590.03 | P52: 0.79 | Q52: 11.31
A53: 22 | B53: Цена поставщика 2014г. | C53: Профилированный лист оцинкованный НС44-1000-0,7( масса 1м.п.-8,3кг; шир.1000) | D53: м2 | E53: 1326 | F53: 54,06 381,5/1,18/5,98 | J53: 71684
A54: 23 | B54: Цена поставщика 2014г. | C54: Стоимость: коньковый элемент, длина 2,5м | D54: шт | E54: 46 | F54: 97,78 690,00/1,18/5,98 | J54: 4498
A55: 24 | B55: Цена поставщика 2014г. | C55: Стоимость: ендовы длина 2,5м | D55: шт | E55: 14 | F55: 97,78 690,00/1,18/5,98 | J55: 1369
A56: 25 | B56: ТСЦ-101-1846 прим. | C56: Винты самонарезающие с уплотнительной прокладкой 4,8х65 мм | D56: шт. | E56: 12310 | F56: 0.27 | J56: 3324
A57: 26 | B57: ТЕР12-01-010-01 | C57: Устройство мелких покрытий (брандмауэры, парапеты, свесы и т.п.) из листовой оцинкованной стали (примыкания к воздуховодам и слуховым окнам) | D57: 100 м2 покрытия | E57: 0.163 | F57: 15322.3 | G57: 1354.13 | H57: 58.83 | I57: 3.64 | J57: 2498 | K57: 221 | L57: 10 | M57: 1 | N57: 112.75 | O57: 18.38 | P57: 0.2 | Q57: 0.03
A58: 27 | B58: ТЕРр69-7-1 | C58: Устройство ходов на чердаке | D58: 100 п. м ходов | E58: 1.42 | F58: 2092.96 | G58: 234.83 | H58: 17.77 | I58: 2.66 | J58: 2972 | K58: 333 | L58: 25 | M58: 4 | N58: 20.8 | O58: 29.54 | P58: 0.17 | Q58: 0.24
A59: 28 | B59: ТЕРр69-7-2 | C59: Устройство переходных мостиков и лестниц на чердаке | D59: 100 п. м переходных мостиков | E59: 0.06 | F59: 8411.68 | G59: 1178.68 | H59: 204.13 | I59: 7.19 | J59: 505 | K59: 71 | L59: 12 | N59: 104.4 | O59: 6.26 | P59: 0.46 | Q59: 0.03
A60: 29 | B60: ТЕР12-01-012-01 | C60: Ограждение кровель перилами 198,30 = 3 887,52 - 0,3 x 12 297,40 | D60: 100 м ограждения | E60: 1.55 | F60: 198.3 | G60: 83.24 | H60: 92.33 | I60: 5.28 | J60: 307 | K60: 129 | L60: 143 | M60: 8 | N60: 6.67 | O60: 10.34 | P60: 0.29 | Q60: 0.45
A61: 30 | B61: ТСЦ-201-0779 | C61: Прочие индивидуальные сварные конструкции, масса сборочной единицы от 0,1 до 0,5 т | D61: т | E61: 1.5097 | F61: 13506.5 | J61: 20391
A62: Узлы прохода через кровлю вентиляционных шахт
A63: 31 | B63: ТЕР46-03-011-01 | C63: Пробивка в кирпичных стенах борозд площадью сечения до 20 см2 | D63: 100 м борозд | E63: 0.2264 | F63: 887.14 | G63: 202.38 | H63: 684.76 | I63: 63.42 | J63: 201 | K63: 46 | L63: 155 | M63: 14 | N63: 15.64 | O63: 3.54 | P63: 4.06 | Q63: 0.92
A64: 32 | B64: ТЕРр58-20-8 | C64: Смена обделок из листовой стали, примыканий к вытяжным трубам (внутренний и наружный фартуки) 3 059,82 = 3 193,94 - 0,013 x 10 317,30 | D64: 100 м | E64: 0.4528 | F64: 3059.82 | G64: 1115.25 | H64: 6.78 | I64: 0.94 | J64: 1385 | K64: 505 | L64: 3 | N64: 92.86 | O64: 42.05 | P64: 0.06 | Q64: 0.03
A65: 33 | B65: Цена поставщика 2014г. | C65: Стоимость: стеновая нижняя, длина 2,5м (внутренний фартук) | D65: шт | E65: 9 | F65: 65,19 460,00/1,18/5,98 | J65: 587
A66: 34 | B66: Цена поставщика 2014г. | C66: Стоимость: стеновая прямая, длина 2,5м (наружный фартук) | D66: шт | E66: 9 | F66: 54,56 385,00/1,18/5,98 | J66: 491
A67: 35 | B67: ТСЦ-101-8045 | C67: Герметик (из расчета 3 кг на 1 м2) | D67: кг | E67: 13.58 | F67: 20.52 | J67: 279
A68: 36 | B68: ТСЦ-101-2589 прим. | C68: Дюбель-гвоздь 6/40 мм | D68: шт. | E68: 40 | F68: 0.7 | J68: 28
A69: 37 | B69: ТСЦ-101-1845 прим. | C69: Винты самонарезающие с уплотнительной прокладкой 4,8х28 мм | D69: шт. | E69: 230 | F69: 0.21 | J69: 48
A70: 38 | B70: ТЕР12-01-010-01 прим. | C70: Устройство мелких покрытий ("галстук") из листовой оцинкованной стали 0,4х300х1000 | D70: 100 м2 покрытия | E70: 0.15 | F70: 15322.3 | G70: 1354.13 | H70: 58.83 | I70: 3.64 | J70: 2298 | K70: 203 | L70: 9 | M70: 1 | N70: 112.75 | O70: 16.91 | P70: 0.2 | Q70: 0.03
A71: 39 | B71: Цена поставщика 2014г. | C71: Стоимость: проходной элемент Pelti-160 | D71: шт | E71: 4 | F71: 426,85 3012,00/1,18/5,98 | J71: 1707
A72: 40 | B72: Цена поставщика 2014г. | C72: Стоимость: вентиляционный выход 110/ER/500 | D72: шт | E72: 4 | F72: 444,42 3136/1,18/5,98 | J72: 1778
A73: 41 | B73: ТЕРр58-21-1 | C73: Смена колпаков на дымовых и вентиляционных трубах в один канал 217,37 = 1 468,12 - 0,071 x 17 616,25 | D73: 10 шт. | E73: 0.4 | F73: 217.37 | G73: 214.09 | H73: 3.28 | J73: 87 | K73: 86 | L73: 1 | N73: 18.6 | O73: 7.44
A74: 42 | B74: Цена поставщика 2014г. | C74: Стоимость: колпак Vilpe-110 | D74: шт | E74: 4 | F74: 87,01 614/1,18/5,98 | J74: 348
A75: Слуховые окна
A76: 43 | B76: ТЕР10-01-003-01 | C76: Устройство слуховых окон 314,85 = 422,62 - 0,5 x 215,54 | D76: 1 слуховое окно | E76: 2 | F76: 314.85 | G76: 79.63 | H76: 26.28 | I76: 2 | J76: 630 | K76: 159 | L76: 53 | M76: 4 | N76: 6.63 | O76: 13.26 | P76: 0.11 | Q76: 0.22
A77: 44 | B77: ТСЦ-203-0177 | C77: Окна неоткрывающиеся (глухие) одинарной конструкции с жалюзийной решеткой СГО 6-12Ж, площадь 0,65 м2 | D77: м2 | E77: 2.86 | F77: 300.12 | J77: 858
A78: 45 | B78: ТСЦ-101-0944 | C78: Скобяные изделия для оконных блоков со спаренными и одинарными переплетами общественных зданий двустворных высотой до 1,2 м | D78: компл. | E78: 2 | F78: 46.44 | J78: 93
A79: 46 | B79: ТЕР15-04-024-05 | C79: Простая окраска масляными составами по дереву заполнений оконных проемов и жалюзийных решёток. (Поправка за 2 раза ПЗ=2 (ОЗП=2; ЭМ=2 к расх.; ЗПМ=2; МАТ=2 к расх.; ТЗ=2; ТЗМ=2)) | D79: 100 м2 | E79: 0.036 | F79: 2037 | G79: 1097.72 | H79: 9.54 | I79: 0.32 | J79: 73 | K79: 40 | N79: 89.1 | O79: 3.21 | P79: 0.02
A80: 47 | B80: ТЕР09-04-006-02 | C80: Облицовка стен из профилированного листа при высоте здания до 30 м | D80: 100 м2 | E80: 0.074 | F80: 4831.7 | G80: 1345.48 | H80: 3040.72 | I80: 313.73 | J80: 358 | K80: 100 | L80: 225 | M80: 23 | N80: 105.28 | O80: 7.79 | P80: 16.4 | Q80: 1.21
A81: 48 | B81: ТСЦ-101-3250 | C81: Сайдинг стальной с полимерным покрытием | D81: м2 | E81: 7.77 | F81: 107.09 | J81: 832
A82: 49 | B82: ТСЦ-201-0382 | C82: Конструкции стальные нащельников и деталей обрамления | D82: т | E82: 0.0043 | F82: 11852.4 | J82: 51
A83: 50 | B83: ТЕР12-01-010-01 прим. | C83: Устройство мелких покрытий (фартуки, сливы) из листовой оцинкованной стали | D83: 100 м2 покрытия | E83: 0.082 | F83: 15322.3 | G83: 1354.13 | H83: 58.83 | I83: 3.64 | J83: 1256 | K83: 111 | L83: 5 | N83: 112.75 | O83: 9.25 | P83: 0.2 | Q83: 0.02
A84: Утепление чердака
A85: 51 | B85: ТЕР12-01-015-03 | C85: Устройство пароизоляции прокладочной в один слой | D85: 100 м2 | E85: 10.2 | F85: 1204.92 | G85: 96.59 | H85: 52.86 | I85: 2.37 | J85: 12290 | K85: 985 | L85: 539 | M85: 24 | N85: 7.84 | O85: 79.97 | P85: 0.13 | Q85: 1.33
A86: 52 | B86: ТЕР26-01-039-01 | C86: Изоляция покрытий и перекрытий изделиями из волокнистых и зернистых материалов насухо 209,40 = 1 892,72 - 1,02 x 1 650,31 | D86: 1 м3 изоляции | E86: 102 | F86: 209.4 | G86: 138.49 | H86: 70.91 | J86: 21359 | K86: 14126 | L86: 7233 | N86: 10.58 | O86: 1079.16
A87: 53 | B87: Цена поставщика 2014г. | C87: "EURO-Руф" толщиной 100мм | D87: 1м3 | E87: 104 | F87: 914,06 6450,00/1,18/5,98 | J87: 95062
A88: Страховочный канат
A89: 54 | B89: ТЕР12-01-012-01 прим. | C89: Устройство страховочного каната. 198,30 = 3 887,52 - 0,3 x 12 297,40 | D89: 100 м ограждения | E89: 0.85 | F89: 198.3 | G89: 83.24 | H89: 92.33 | I89: 5.28 | J89: 169 | K89: 71 | L89: 78 | M89: 4 | N89: 6.67 | O89: 5.67 | P89: 0.29 | Q89: 0.25
A90: 55 | B90: ТСЦ-508-0107 | C90: Канат двойной свивки типа ТК, конструкции 6х37(1+6+12+18)+1 о.с., без покрытия из проволок марки В, маркировочная группа 1570 н/мм2 и менее, диаметром 11,5 мм | D90: 10 м | E90: 8.5 | F90: 167.43 | J90: 1423
A91: 56 | B91: ТСЦ-101-1484 | C91: Шурупы с полукруглой головкой 8x100 мм | D91: т | E91: 0.0012 | F91: 10612.72 | J91: 13
A92: 57 | B92: ТСЦ-509-0239 | C92: Скоба крепления троса | D92: шт. | E92: 32 | F92: 18.65 | J92: 597
A93: 58 | B93: ТСЦ-509-0032 | C93: Зажимы | D93: 100 шт. | E93: 0.18 | F93: 2975 | J93: 536
A94: Итого прямые затраты по разделу в ценах 2001г. | J94: 367766 | K94: 47713 | L94: 18434 | M94: 320 | O94: 3758.51 | Q94: 17.79
A95: Итого прямые затраты по разделу с учетом коэффициентов к итогам | J95: 405795 | K95: 71332 | L95: 28764 | M95: 517 | O95: 5386.2 | Q95: 27.43
A96: Накладные расходы | J96: 75748
A97: Сметная прибыль | J97: 48991
A98: Итого по разделу 2 Покрытия и кровли | J98: 530534 | O98: 5386.2 | Q98: 27.43
A99: Раздел 3. Отделочные работы
A100: 59 | B100: ТЕРр61-22-3 | C100: Ремонт штукатурки наружных карнизов по камню и бетону цементно-известковым раствором длиной в одном месте до 5 м с люлек | D100: 100 м2 | E100: 0.95 | F100: 12354.54 | G100: 8541.88 | J100: 11737 | K100: 8115 | N100: 652.55 | O100: 619.92
A101: 60 | B101: ТЕРр61-10-1 | C101: Ремонт штукатурки гладких фасадов по камню и бетону цементно-известковым раствором площадью отдельных мест до 5 м2 толщиной слоя до 20 мм (вентиляционных шахт) | D101: 100 м2 | E101: 0.65 | F101: 3935.28 | G101: 2486.67 | H101: 1.37 | J101: 2558 | K101: 1616 | L101: 1 | N101: 201.84 | O101: 131.2
A102: 61 | B102: ТЕР15-04-016-03 | C102: Окраска фасадов с люлек с подготовкой поверхности поливинилацетатная 735,37 = 1 365,18 - 0,038 x 16 574,00 | D102: 100 м2 | E102: 1.6 | F102: 735.37 | G102: 208.13 | H102: 487.77 | J102: 1177 | K102: 333 | L102: 780 | N102: 15.9 | O102: 25.44
A103: 62 | B103: ТСЦ-101-0334 | C103: Краски водно-дисперсионные акрилатные ВД-АК-111 | D103: т | E103: 0.0608 | F103: 25835 | J103: 1571
A104: Окраска ограждения Ог-1
...

Sheet 25532
A1: СОГЛАСОВАНО: | E1: ФГУП "Комбинат "Электрохимприбор" | M1: УТВЕРЖДАЮ:
G2: (наименование стройки) | M2: Зам.генерального директора
A3: _________________ | N3: Е.В. Гордеев
A4: " _____ " ________________ 2014 г. | M4: __________________
M5: "______ " __________2014 г.
H7: ЛОКАЛЬНЫЙ СМЕТНЫЙ РАСЧЕТ № 25532
H8: (локальная смета)
C10: на | D10: реконструкцию кровли в пролете А-Г в рядах 1-14 здания казармы №2 в/ч 3275.
D11: Инв.№5400637. Раздел: Электроосвещение.
H12: (наименование работ и затрат, наименование объекта)
D14: Основание: Проект 24981-14-ЭО | N14: Справочно, в тыс.руб. :
D15: Сметная стоимость _______________________________________________________________________________________________ | J15: ___________________________38,073 | L15: тыс. руб. | N15: Всего: | P15: =P16+P17+P18+0.001 -> 234.87304
D16: строительных работ _______________________________________________________________________________________________ | J16: _______________________________________________________________________________________________0,071 | L16: тыс. руб. | N16: с К=5,98 | P16: =0.071*5.98 -> 0.42458
D17: монтажных работ _______________________________________________________________________________________________ | J17: _______________________________________________________________________________________________36,403 | L17: тыс. руб. | N17: с К=5,98 | P17: =36.403*5.98 -> 217.68994
D18: прочих (ПНР "вхолостую")_______________________________________________________________________________________________ | J18: _______________________________________________________________________________________________1,599 | L18: тыс. руб. | N18: с К=10,48 | P18: =1.599*10.48 -> 16.75752
D19: Средства на оплату труда _______________________________________________________________________________________________ | J19: ___________________________4,522 | L19: тыс. руб.
D20: Сметная трудоемкость _______________________________________________________________________________________________ | J20: _______________________________________________________________________________________________243,15 | L20: чел.час
D21: Материалы__________________________________________________21,043 | L21: тыс. руб. | N21: с К=5,98 | P21: =21.043*5.98 -> 125.83714
D22: Составлен(а) в базовых ценах 2001г. в редакции 2009г.
A24: № пп | B24: Обосно- вание | C24: Наименование | D24: Ед. изм. | E24: Кол. | F24: Стоимость единицы, руб. | J24: Общая стоимость, руб. | N24: Т/з осн. раб.на ед. | O24: Т/з осн. раб. Всего | P24: Т/з мех. на ед. | Q24: Т/з мех. Всего
F25: Всего | G25: В том числе | J25: Всего | K25: В том числе
G26: Осн.З/п | H26: Эк.Маш | I26: З/пМех | K26: Осн.З/п | L26: Эк.Маш | M26: З/пМех
A27: 1 | B27: 2 | C27: 3 | D27: 4 | E27: 5 | F27: 6 | G27: 7 | H27: 8 | I27: 9 | J27: 10 | K27: 11 | L27: 12 | M27: 13 | N27: 14 | O27: 15 | P27: 16 | Q27: 17
A28: Раздел 1. Монтажные работы
A29: 1 | B29: ТЕРм08-03-593-06 | C29: Светильник потолочный или настенный с креплением винтами или болтами для помещений с нормальными условиями среды, одноламповый (1.8.3.ОППри производстве работ на высоте свыше расстояний, указанных в вводных указаниях к разделам сборника: при высоте свыше 2 до 8 м (высота крепления -2,5м) ОЗП=1,05; ТЗ=1,05) | D29: 100 шт. | E29: 0,24 24/100 | F29: 5354.19 | G29: 1295.23 | H29: 1915.67 | I29: 687.03 | J29: 1285 | K29: 311 | L29: 460 | M29: 165 | N29: 92.715 | O29: 22.25 | P29: 43.76 | Q29: 10.5
A30: 2 | B30: Цена поставщика 2014г. | C30: Светильник промышленный НПП 03-100-003,100Вт, IP65, цоколь Е27, с защитной сеткой. | D30: шт. | E30: 24 | F30: 127,83 902/1,18/5,98 | J30: 3068
A31: 3 | B31: Цена поставщика 2014г. | C31: Лампа энергосберегающая 20Вт, цоколь Е27 (аналог лампы накаливания 100Вт) | D31: шт. | E31: 26 | F31: 9,45 66,7/1,18/5,98 | J31: 246
A32: 4 | B32: ТЕРм08-03-591-01 | C32: Выключатель одноклавишный неутопленного типа при открытой проводке | D32: 100 шт. | E32: 0,02 2/100 | F32: 758.17 | G32: 551.82 | H32: 27.07 | I32: 0.55 | J32: 15 | K32: 11 | L32: 1 | N32: 39.5 | O32: 0.79 | P32: 0.03
A33: 5 | B33: Цена поставщика 2014г. | C33: Выключатель одноклавишный для открытой установки со свет. индик. ВС20-1-1-ГПБ IP54 серия "ГЕРМЕС PLUS" (цвет клавиши: белый) (EVMP11-K01-10-54-EC) | D33: шт. | E33: 2 | F33: 24,27 171,26/1,18/5,98 | J33: 49
A34: 6 | B34: Цена поставщика 2014г. | C34: Кабель силовой медный ВВГ-нг-LS, сеч.3х1,5мм | D34: 1000м | E34: 0,21 210/1000 | F34: 5237,8 36,96*1000/1,18/5,98 | J34: 1100
A35: 7 | B35: ТЕРм08-02-149-01 | C35: Кабель до 35 кВ, подвешиваемый на тросе, масса 1 м кабеля до 1 кг (1.8.3.ОППри производстве работ на высоте свыше расстояний, указанных в вводных указаниях к разделам сборника: при высоте свыше 2 до 8 м ОЗП=1,05; ТЗ=1,05) | D35: 100 м кабеля | E35: 1,9 190/100 | F35: 4547.2 | G35: 243.3 | H35: 2581.44 | I35: 295.76 | J35: 8640 | K35: 462 | L35: 4905 | M35: 562 | N35: 17.955 | O35: 34.11 | P35: 16.44 | Q35: 31.24
A36: 8 | B36: ТСЦ-508-0086 | C36: Канат двойной свивки типа ТК, конструкции 6х19(1+6+12)+1 о.с., без покрытия из проволок марки В, маркировочная группа 1770 н/мм2, диаметром 5,8 мм | D36: 10 м | E36: 14 140/10 | F36: 72.65 | J36: 1017
A37: 9 | B37: Цена поставщика 2014г. | C37: Металлорукав РЗ-ЦХ 22мм, внутренний диаметр 20,7мм (50м) (CM10-22-050) | D37: м | E37: 190 | F37: 7,04 49,70/1,18/5,98 | J37: 1338
A38: 10 | B38: ТЕРм08-02-412-02 | C38: Затягивание провода в проложенные трубы и металлические рукава первого одножильного или многожильного в общей оплетке, суммарное сечение до 6 мм2 (1.8.3.ОППри производстве работ на высоте свыше расстояний, указанных в вводных указаниях к разделам сборника: при высоте свыше 2 до 8 м ОЗП=1,05; ТЗ=1,05) | D38: 100 м | E38: 1,9 190/100 | F38: 681.06 | G38: 93.78 | H38: 5.85 | I38: 0.36 | J38: 1294 | K38: 178 | L38: 11 | M38: 1 | N38: 7.077 | O38: 13.45 | P38: 0.02 | Q38: 0.04
A39: 11 | B39: ФЕРм08-02-390-01 | C39: Короба пластмассовые: шириной до 40 мм (Приведение расценок ФЕР к территориальному уровню Свердловской области (Межрегиональный сборник к-тов пересчета сметной стоимости СМР по субъектам РФ, выпуск №3) ОЗП=1,41; ЭМ=1,242; ЗПМ=1,41; МАТ=1,052) | D39: 100 м | E39: 0,2 (15+5)/100 | F39: 311.4 | G39: 218.44 | H39: 38.75 | I39: 0.17 | J39: 62 | K39: 44 | L39: 8 | N39: 16.29 | O39: 3.26 | P39: 0.01
A40: 12 | B40: Цена поставщика 2014г. | C40: Кабель-канал из самозатухающего ПВХ серии "Элекор" 16х16 мм (84м) (CKK10-016-016-1-K01) | D40: м | E40: 15 | F40: 2,31 16,30/1,18/5,98 | J40: 35
A41: 13 | B41: Цена поставщика 2014г. | C41: Кабель-канал из самозатухающего ПВХ серии "Элекор" 25х16 мм (50м) (CKK10-025-016-1-K01) | D41: м | E41: 5 | F41: 3,71 26,15/1,18/5,98 | J41: 19
A42: 14 | B42: ТЕРм08-02-399-01 | C42: Провод (кабель) в коробах, сечением до 6 мм2 | D42: 100 м | E42: 0,2 (15+5)/100 | F42: 189.23 | G42: 46.64 | H42: 56.09 | I42: 24.55 | J42: 38 | K42: 9 | L42: 11 | M42: 5 | N42: 3.52 | O42: 0.7 | P42: 1.57 | Q42: 0.31
A43: 15 | B43: Цена поставщика 2014г. | C43: Коробка КМ41235 распаячная для о/п 85х85х40мм IP44 (RAL7035, 6 гермовводов) (UKO11-085-085-040-K41-44) | D43: шт. | E43: 2 | F43: 4,6 32,45/1,18/5,98 | J43: 9
A44: 16 | B44: ТЕРм08-03-545-01 | C44: Коробка (ящик) с зажимами для кабелей и проводов сечением до 6 мм2, устанавливаемая на конструкции на стене или колонне, количество зажимов до 10 | D44: 1 шт. | E44: 28 | F44: 160.78 | G44: 43.86 | H44: 2.36 | J44: 4502 | K44: 1228 | L44: 66 | N44: 3.31 | O44: 92.68
A45: 17 | B45: Цена поставщика 2014г. | C45: Коробка клеммная У614АУ2, 16А, IP54, число зажимов 10, сечение жил 1,5-6 мм2 | D45: шт. | E45: 28 | F45: 204,92 1446/1,18/5,98 | J45: 5738
A46: 18 | B46: Цена поставщика 2014г. | C46: Протяжка кабельная нейлоновая 4мм (20м) (CTA10D-S4-K08-020) | D46: шт. | E46: 1 | F46: 60,12 424,20/1,18/5,98 | J46: 60
A47: Итого прямые затраты по разделу в ценах 2001г. | J47: 28515 | K47: 2243 | L47: 5462 | M47: 733 | O47: 167.24 | Q47: 42.09
A48: Итого прямые затраты по разделу с учетом коэффициентов к итогам | J48: 30443 | K48: 2807 | L48: 6593 | M48: 918 | O48: 200.69 | Q48: 50.51
A49: Накладные расходы | J49: 3539
A50: Сметная прибыль | J50: 2421
A51: Итого по разделу 1 Монтажные работы | J51: 36403 | O51: 200.69 | Q51: 50.51
A52: Раздел 2. Строительные работы
A53: 19 | B53: ТЕР46-03-009-04 | C53: Пробивка в кирпичных стенах отверстий круглых диаметром до 25 мм при толщине стен до 38 см | D53: 100 шт. | E53: 0,01 1/100 | F53: 3846.34 | G53: 869.83 | H53: 2976.51 | I53: 329.74 | J53: 38 | K53: 9 | L53: 29 | M53: 3 | N53: 67.22 | O53: 0.67 | P53: 21.11 | Q53: 0.21
A54: 20 | B54: ТЕРр69-2-4 | C54: Сверление отверстий в деревянных конструкциях электродрелью диаметром до 10 мм глубиной до 20 см | D54: 100 отверстий | E54: 0,02 2/100 | F54: 153.14 | G54: 126.11 | H54: 27.03 | J54: 3 | K54: 3 | N54: 10.5 | O54: 0.21
A55: 21 | B55: ТЕРр69-2-6 | C55: Сверление отверстий на каждые 10 мм диаметра свыше 10 мм добавлять к расценке 69-2-4 (Поправка на диаметр отверстия, всего d=25см ПЗ=1,5 (ОЗП=1,5; ЭМ=1,5 к расх.; ЗПМ=1,5; МАТ=1,5 к расх.; ТЗ=1,5; ТЗМ=1,5)) | D55: 100 отверстий | E55: 0,02 2/100 | F55: 80.51 | G55: 66.3 | H55: 14.21 | J55: 2 | K55: 2 | N55: 5.52 | O55: 0.11
A56: Итого прямые затраты по разделу в ценах 2001г. | J56: 43 | K56: 14 | L56: 29 | M56: 3 | O56: 0.99 | Q56: 0.21
A57: Накладные расходы | J57: 17
A58: Сметная прибыль | J58: 11
A59: Итого по разделу 2 Строительные работы | J59: 71 | O59: 0.99 | Q59: 0.21
A60: Раздел 3. Пусконаладочные работы (вхолостую 80%)
A61: 22 | B61: ТЕРп01-11-013-01 | C61: Замер полного сопротивления цепи «фаза-нуль» | D61: 1 токоприемник | E61: 24 | F61: 27.06 | G61: 27.06 | J61: 649 | K61: 649 | N61: 1.5 | O61: 36
A62: 23 | B62: ТЕРп01-11-011-01 | C62: Проверка наличия цепи между заземлителями и заземленными элементами | D62: 100 точек | E62: 0,24 24/100 | F62: 288.64 | G62: 288.64 | J62: 69 | K62: 69 | N62: 16 | O62: 3.84
A63: 24 | B63: ТЕРп01-11-028-01 | C63: Измерение сопротивления изоляции мегаомметром кабельных и других линий напряжением до 1 кВ, предназначенных для передачи электроэнергии к распределительным устройствам, щитам, шкафам, коммутационным аппаратам и электропотребителям | D63: 1 линия | E63: 30 28 + 2 | F63: 7.22 | G63: 7.22 | J63: 217 | K63: 217 | N63: 0.4 | O63: 12
A64: Итого прямые затраты по разделу в ценах 2001г. | J64: 935 | K64: 935 | O64: 51.84
A65: Итого прямые затраты по разделу с учетом коэффициентов к итогам | J65: 780 | K65: 780 | O65: 41.47
A66: Накладные расходы | J66: 507
A67: Сметная прибыль | J67: 312
A68: Итого по разделу 3 Пусконаладочные работы (вхолостую 80%) | J68: 1599 | O68: 41.47
A69: ИТОГИ ПО СМЕТЕ:
A70: Итого прямые затраты по смете в ценах 2001г. | J70: 29493 | K70: 3192 | L70: 5491 | M70: 736 | O70: 220.07 | Q70: 42.3
A71: Итого прямые затраты по смете с учетом коэффициентов к итогам | J71: 31266 | K71: 3601 | L71: 6622 | M71: 921 | O71: 243.15 | Q71: 50.72
A72: В том числе, справочно:
A73: Районный к-т 4,3% (Поз. 1, 4, 7, 10-11, 14, 16, 22-24) | J73: 168 | K73: 137 | L73: 32 | M73: 32
A74: Указания к ТЕРм тех.часть п.1.7 Заготовительно-складские расходы на покупные материалы МАТ=1,02 (Поз. 2-3, 5-6, 9, 12-13, 15, 17-18) | J74: 233
A75: 2. Производство строительных и других работ в существующих зданиях и сооружениях, освобожденных от оборудования и других предметов, мешающих нормальному производству работ ОЗП=1,2; ЭМ=1,2; ЗПМ=1,2; ТЗ=1,2; ТЗМ=1,2 (Поз. 1, 4, 7, 10-11, 14, 16) | J75: 1567 | K75: 468 | L75: 1099 | M75: 153 | O75: 33.448 | Q75: 8.418
A76: Пусконаладочные работы (вхолостую 80%) ПЗ=0,8 (ОЗП=0,8; ЭМ=0,8; ЗПМ=0,8; МАТ=0,8; ТЗ=0,8; ТЗМ=0,8) (Поз. 22-24) | J76: -195 | K76: -195 | O76: -10.368
A77: Накладные расходы | J77: 4063
A78: В том числе, справочно:
A79: 65% ФОТ (от 780) (Поз. 22-24) | J79: 507
A80: 78% ФОТ (от 5) (Поз. 20-21) | J80: 4
A81: 95% ФОТ (от 3725) (Поз. 1, 4, 7, 10-11, 14, 16) | J81: 3539
A82: 110% ФОТ (от 12) (Поз. 19) | J82: 13
A83: Сметная прибыль | J83: 2744
A84: В том числе, справочно:
A85: 40% ФОТ (от 780) (Поз. 22-24) | J85: 312
A86: 50% ФОТ (от 5) (Поз. 20-21) | J86: 3
A87: 65% ФОТ (от 3725) (Поз. 1, 4, 7, 10-11, 14, 16) | J87: 2421
A88: 70% ФОТ (от 12) (Поз. 19) | J88: 8
A89: Итого | J89: 38073 | O89: 243.15 | Q89: 50.72
A90: В том числе:
A91: Материалы | J91: 21043
A92: Машины и механизмы | J92: =6622-M71 -> 5701
A93: ФОТ | J93: 4522
A94: Накладные расходы | J94: 4063
A95: Сметная прибыль | J95: 2744
A96: ВСЕГО по смете | J96: 38073 | O96: 243.15 | Q96: 50.72
B98: Примечание: материал от разборки, пригодный для дальнейшего использования, передается балансодержателю по акту.
B100: Начальник отд.078________________________Ковязина Т.М. | F100: Составил инженер-сметчик __________________ О.Н.Возжаева
F101: 23.09.14г.
F102: Проверил ведущий инженер__________________В.В.Воронкова

Sheet 25493
A1: СОГЛАСОВАНО: | E1: ФГУП "Комбинат "Электрохимприбор" | M1: УТВЕРЖДАЮ:
G2: (наименование стройки) | M2: Зам. генерального директора
A3: _____________________________ | M3: Е.В.Гордеев
A4: " _____ " ________________ 2014г. | G4: ЛОКАЛЬНЫЙ СМЕТНЫЙ РАСЧЕТ № 25493
G5: (локальная смета) | M5: "______ " __________2014 г.
C7: на | D7: Установку электрического проточного водонагревателя ЭПВН-120
D8: Войсковая часть № 3275 Банно-прачечный комбинат. Раздел: Водопровод и канализация
H9: (наименование работ и затрат, наименование объекта)
D11: Основание: Проект № 24962-14-ВК | N11: Справочно, в тыс.руб. :
D12: Сметная стоимость строительных работ _______________________________________________________________________________________________ | J12: ___________________________10,638 | L12: тыс. руб. | N12: с К=5,98 | P12: =ROUND(10.638*5.98,3) -> 63.615
D13: Средства на оплату труда _______________________________________________________________________________________________ | J13: ___________________________1,727 | L13: тыс. руб. | N13: с К=5,98 | P13: =ROUND(1.727*5.98,3) -> 10.327
D14: Сметная трудоемкость _______________________________________________________________________________________________ | J14: _______________________________________________________________________________________________117,1 | L14: чел.час
D15: Материалы ___________________________________________________________ | J15: =J102/1000 -> 4.419 | L15: тыс.руб. | N15: с К=5,98 | P15: =ROUND(4.419*5.98,3) -> 26.426
D16: Составлен(а) в базовых ценах 2001г. в редакции 2009г.
A18: № пп | B18: Обоснование | C18: Наименование | D18: Ед. изм. | E18: Кол. | F18: Стоимость единицы, руб. | J18: Общая стоимость, руб. | N18: Т/з осн. раб.на ед. | O18: Т/з осн. раб. Всего | P18: Т/з мех. на ед. | Q18: Т/з мех. Всего
F19: Всего | G19: В том числе | J19: Всего | K19: В том числе
G20: Осн.З/п | H20: Эк.Маш | I20: З/пМех | K20: Осн.З/п | L20: Эк.Маш | M20: З/пМех
A21: 1 | B21: 2 | C21: 3 | D21: 4 | E21: 5 | F21: 6 | G21: 7 | H21: 8 | I21: 9 | J21: 10 | K21: 11 | L21: 12 | M21: 13 | N21: 14 | O21: 15 | P21: 16 | Q21: 17
A22: Раздел 1. Разборка.
A23: 1 | B23: ТЕР16-05-001-02 прим. | C23: Разборка вентилей на трубопроводах из стальных труб диаметром до 50 мм КОЭФ. К ПОЗИЦИИ: Раздорка ОЗП=0,4; ЭМ=0,4 к расх.; ЗПМ=0,4; МАТ=0 к расх.; ТЗ=0,4; ТЗМ=0,4 | D23: 1 шт. | E23: 2 | F23: 9.64 | G23: 7.52 | H23: 2.12 | J23: 19 | K23: 15 | L23: 4 | N23: 0.59 | O23: 1.18
A24: 2 | B24: ТЕРр65-2-2 | C24: Разборка трубопроводов из чугунных канализационных труб диаметром 100 мм | D24: 100 м | E24: 0.055 | F24: 1028.82 | G24: 1015.92 | H24: 12.9 | I24: 5 | J24: 57 | K24: 56 | L24: 1 | N24: 85.3 | O24: 4.69 | P24: 0.32 | Q24: 0.02
A25: 3 | B25: ТЕР46-04-009-01 | C25: Разборка бетонных оснований | D25: 1 м3 | E25: 2.4 | F25: 495.3 | G25: 114.13 | H25: 381.17 | I25: 35.3 | J25: 1189 | K25: 274 | L25: 915 | M25: 85 | N25: 8.93 | O25: 21.43 | P25: 2.26 | Q25: 5.42
A26: Итого по разделу 1 Разборка. | J26: 2387 | O26: 31.62 | Q26: 6.25
A27: Раздел 2. Водопровод и канализация.
A28: 4 | B28: ТЕР16-02-002-02 | C28: Прокладка трубопроводов водоснабжения из стальных водогазопроводных оцинкованных труб диаметром 20 мм (в том числе переход, отвод, тройник) | D28: 100 м | E28: 0.246 | F28: 5654.2 | G28: 502.3 | H28: 79.16 | I28: 2.73 | J28: 1391 | K28: 124 | L28: 19 | M28: 1 | N28: 37.07 | O28: 9.12 | P28: 0.15 | Q28: 0.04
A29: 5 | B29: ТЕР16-02-002-04 | C29: Прокладка трубопроводов водоснабжения из стальных водогазопроводных оцинкованных труб диаметром 32 мм (в том числе отвод) | D29: 100 м | E29: 0.088 | F29: 7311.57 | G29: 502.3 | H29: 79.16 | I29: 2.73 | J29: 643 | K29: 44 | L29: 7 | N29: 37.07 | O29: 3.26 | P29: 0.15 | Q29: 0.01
A30: 6 | B30: ТСЦ-301-1224 | C30: Крепления для трубопроводов: кронштейны, планки, хомуты | D30: кг | E30: 0.98 | F30: 17.02 | J30: 17
A31: 7 | B31: Цена поставщика. | C31: Кран шаровой со встроенным фильтром ф 20 (Цена:481,00:1,18:5,98*1,02) | D31: шт. | E31: 1 | F31: 69,53 481,00/1,18/5,98*1,02 | J31: 70
A32: 8 | B32: ТСЦ-302-1832 | C32: Кран шаровой муфтовый 11Б27П1, диаметром 20 мм | D32: шт. | E32: 4 | F32: 39.32 | J32: 157
A33: 9 | B33: ТЕР16-05-001-02 | C33: Установка вентилей, задвижек, затворов, клапанов обратных, кранов проходных на трубопроводах из стальных труб диаметром до 50 мм | D33: 1 шт. | E33: 2 | F33: 138.58 | G33: 18.79 | H33: 5.32 | J33: 277 | K33: 38 | L33: 11 | N33: 1.47 | O33: 2.94
A34: 10 | B34: Цена поставщика. | C34: Вентили запорные фланцевые 15ч9п,15ч19п, диаметром 40 мм (Цена:550,00:1,18:5,98*1,02) | D34: шт. | E34: 2 | F34: 79,5 550,00/1,18/5,98*1,02 | J34: 159
A35: 11 | B35: ТЕР16-07-003-05 | C35: Врезка в действующие внутренние сети трубопроводов отопления и водоснабжения диаметром 40 мм | D35: 1 врезка | E35: 2 | F35: 173.38 | G35: 62.31 | H35: 5.56 | J35: 347 | K35: 125 | L35: 11 | N35: 4.46 | O35: 8.92
A36: 12 | B36: ТЕР16-07-005-01 | C36: Гидравлическое испытание трубопроводов систем отопления, водопровода и горячего водоснабжения диаметром до 50 мм | D36: 100 м | E36: 0.334 | F36: 104.4 | G36: 82.16 | H36: 15.29 | J36: 35 | K36: 27 | L36: 5 | N36: 5.01 | O36: 1.67
A37: 13 | B37: ТЕР13-03-002-04 | C37: Огрунтовка металлических поверхностей за один раз грунтовкой ГФ-021 | D37: 100 м2 | E37: 0.048 | F37: 417.46 | G37: 79.65 | H37: 10.15 | I37: 0.16 | J37: 20 | K37: 4 | N37: 5.31 | O37: 0.25 | P37: 0.01
A38: 14 | B38: ТЕР15-04-030-04 | C38: Масляная окраска металлических поверхностей менее 50 мм количество окрасок 2 | D38: 100 м2 | E38: 0.048 | F38: 1384.09 | G38: 886.83 | H38: 3.68 | I38: 0.16 | J38: 66 | K38: 43 | N38: 71.06 | O38: 3.41 | P38: 0.01
A39: 15 | B39: ТЕР26-01-009-01 | C39: Изоляция трубопроводов матами МПБ-30/ф1 b=30мм | D39: 1 м3 изоляции | E39: 0.15 | F39: 445.68 | G39: 259.38 | H39: 71.42 | J39: 67 | K39: 39 | L39: 11 | N39: 18.85 | O39: 2.83
A40: Уд | B40: 1. 101-1876 | C40: Сталь листовая оцинкованная толщиной листа 0,8 мм | D40: т | E40: 0,0265 0,003975 | F40: 17616.25 | J40: 70.02
A41: Уд | B41: 2. 104-0009 | C41: Маты прошивные из минеральной ваты без обкладок М-100, толщина 60 мм | D41: м3 | E41: 1,54 0,231 | F41: 414.12 | J41: 95.66
A42: Уд | B42: 3. 104-0077 | C42: Стеклопластик рулонный марки РСТ-А-Л-В | D42: 1000 м2 | E42: 0,002204 0,0003306 | F42: 21560 | J42: 7.13
A43: Уд | B43: 4. 506-0878 | C43: Листы алюминиевые марки АД1Н, толщиной 1 мм | D43: кг | E43: 0,78 0,117 | F43: 42.32 | J43: 4.95
A44: 16 | B44: Цена поставщика. | C44: Стоимость матов прошивных из базальтового холста МПБ-30/ф1 b=30мм (Цена:4080,00:1,18:5,98*1,02) | D44: м3 | E44: 0.15 | F44: 589,76 4080,00/1,18/5,98*1,02 | J44: 88
A45: 17 | B45: ТЕР17-01-008-01 | C45: Установка нагревателей индивидуальных водоводяных | D45: 10 компл. | E45: 0.1 | F45: 1309.83 | G45: 1157.52 | H45: 128.27 | I45: 16.36 | J45: 131 | K45: 116 | L45: 13 | M45: 2 | N45: 87.36 | O45: 8.74 | P45: 0.99 | Q45: 0.1
A46: Уд | B46: 1. 301-1513 | C46: Нагреватель индивидуальный водоводяной наружный диаметр корпуса 273 мм, длина 1,25 (со змеевиком диаметром 25х2 мм длиной 19,2 м, число витков 30), поверхность нагрева 1,6 м2 | D46: компл. | E46: 10 1 | F46: 2545.78 | J46: 2545.78
A47: 18 | B47: ТЕРр69-2-1 | C47: Сверление отверстий в кирпичных стенах электроперфоратором диаметром до 20 мм, толщина стен 0,5 кирпича | D47: 100 отверстий | E47: 0.08 | F47: 83.02 | G47: 65.93 | H47: 17.09 | J47: 7 | K47: 6 | L47: 1 | N47: 5.49 | O47: 0.44
A48: 19 | B48: ТЕР16-01-002-03 | C48: Прокладка по стенам зданий и в каналах труб чугунных напорных раструбных диаметром 100 мм (в том числе отвод, тройник, муфта) | D48: 100 м труб | E48: 0.068 | F48: 19811.29 | G48: 1681.16 | H48: 446.18 | I48: 16.74 | J48: 1347 | K48: 114 | L48: 30 | M48: 1 | N48: 129.92 | O48: 8.83 | P48: 0.92 | Q48: 0.06
A49: 20 | B49: ТЕРр65-6-2 | C49: Смена трапов диаметром до 100 мм | D49: 100 приборов | E49: 0.01 | F49: 24807.67 | G49: 2990.52 | H49: 83.7 | I49: 8.75 | J49: 248 | K49: 30 | L49: 1 | N49: 234 | O49: 2.34 | P49: 0.56 | Q49: 0.01
A50: Восстановление полов.
A51: 21 | B51: ТЕР08-01-003-07 | C51: Гидроизоляция обмазочная битумная в 2 слоя по бетону КОЭФ. К ПОЗИЦИИ: МАТ=0 к расх. | D51: 100 м2 | E51: 0.04 | F51: 388.09 | G51: 284.08 | H51: 104.01 | J51: 16 | K51: 12 | L51: 4 | N51: 21.2 | O51: 0.85
A52: 22 | B52: Цена поставщика. | C52: Стоимость: Праймер битумный от "Технониколь № 4, Расход 0,25-0,35л/м2 (Цена:1064,20:20л:1,18:5,98*1,02) | D52: л | E52: 1.4 | F52: 7,69 1064,20/20/1,18/5,98*1,02 | J52: 11
A53: 23 | B53: Цена поставщика. | C53: Стоимость:Мастика "Санзатим", расход 2,2кг/м2 (Цена:60,00:1,18:5,98*1,02) | D53: кг | E53: 8.8 | F53: 8,67 60,00/1,18/5,98*1,02 | J53: 76
A54: 24 | B54: ТЕР08-01-003-02 прим. | C54: Гидроизоляция стен, фундаментов горизонтальная и вертикальная оклеечная в 1 слой КОЭФ. К ПОЗИЦИИ: МАТ=0 к расх. | D54: 100 м2 | E54: 0.04 | F54: 307.21 | G54: 171.74 | H54: 135.47 | J54: 12 | K54: 7 | L54: 5 | N54: 14.3 | O54: 0.57
A55: 25 | B55: Цена поставщика. | C55: Стоимость: Лента "ГерленД" шириной 50мм (Цена:20,00:1,18:5,98*1,02) | D55: м | E55: 3 | F55: 2,89 20,00/1,18/5,98*1,02 | J55: 9
A56: 26 | B56: ТЕР11-01-015-01 | C56: Устройство покрытий бетонных толщиной 30 мм | D56: 100 м2 | E56: 0.04 | F56: 2445.67 | G56: 452.41 | H56: 211.63 | I56: 44.36 | J56: 98 | K56: 18 | L56: 8 | M56: 2 | N56: 40.43 | O56: 1.62 | P56: 2.84 | Q56: 0.11
A57: Итого по разделу 2 Водопровод и канализация. | J57: 8251 | O57: 85.48 | Q57: 0.55
A58: ИТОГИ ПО СМЕТЕ:
A59: Итого прямые затраты по смете в ценах 2001г. | J59: 6557 | K59: 1092 | L59: 1046 | M59: 91 | O59: 83.09 | Q59: 5.77
A60: Итого прямые затраты по смете с учетом коэффициентов к итогам | J60: 7308 | K60: 1614 | L60: 1275 | M60: 113 | O60: 117.1 | Q60: 6.8
A61: В том числе, справочно:
A62: Районный к-т 4,3% (Поз. 1, 4-5, 9, 11-12, 17, 19, 2-3, 14-15, 20-21, 24, 26) | J62: 51 | K62: 47 | L62: 4 | M62: 4
A63: При ремонте зданий и сооружений работы, аналогичные технологическим процессам в новом строительстве ОЗП=1,15; ЭМ=1,25; ЗПМ=1,25; ТЗ=1,15; ТЗМ=1,25 (Поз. 4-5, 9, 11-12, 17, 19, 13-15, 21, 24, 26) | J63: 143 | K63: 111 | L63: 31 | M63: 2 | O63: 7.9515 | Q63: 0.08
A64: Производство строительных работ в существующих зданиях и сооружениях в стесненных условиях: с наличием в зоне производства работ действующего технологического оборудования ОЗП=1,35; ЭМ=1,35; ЗПМ=1,35; ТЗ=1,35; ТЗМ=1,35 (Поз. 1, 4-5, 9, 11-12, 17, 19, 13-15, 21, 24, 26) | J64: 361 | K64: 304 | L64: 56 | M64: 3 | O64: 21.7455 | Q64: 0.14
A65: Производство ремонтных работ в существующих зданиях и сооружениях в стесненных условиях: с наличием в зоне производства работ действующего технологического оборудования ОЗП=1,15; ЭМ=1,15; ЗПМ=1,15; ТЗ=1,15; ТЗМ=1,15 (Поз. 2-3, 18, 20) | J65: 196 | K65: 57 | L65: 138 | M65: 13 | O65: 4.335 | Q65: 0.8175
A66: Накладные расходы | J66: 2015
A67: В том числе, справочно:
A68: 74% ФОТ (от 67) (Поз. 2) | J68: 50
A69: 78% ФОТ (от 7) (Поз. 18) | J69: 5
A70: 90% ФОТ (от 7) (Поз. 13) | J70: 6
A71: 100% ФОТ (от 63) (Поз. 15) | J71: 63
A72: 103% ФОТ (от 36) (Поз. 20) | J72: 37
A73: 105%*0,6 ФОТ (от 70) (Поз. 14) | J73: 44
A74: 110% ФОТ (от 431) (Поз. 3) | J74: 474
A75: 122% ФОТ (от 31) (Поз. 21, 24) | J75: 38
A76: 123% ФОТ (от 34) (Поз. 26) | J76: 42
A77: 128% ФОТ (от 981) (Поз. 1, 4-5, 9, 11-12, 17, 19) | J77: 1256
A78: Сметная прибыль | J78: 1315
A79: В том числе, справочно:
A80: 50% ФОТ (от 74) (Поз. 2, 18) | J80: 38
A81: 55% ФОТ (от 70) (Поз. 14) | J81: 39
A82: 60% ФОТ (от 36) (Поз. 20) | J82: 22
A83: 70% ФОТ (от 501) (Поз. 3, 13, 15) | J83: 351
A84: 75% ФОТ (от 34) (Поз. 26) | J84: 26
A85: 80% ФОТ (от 31) (Поз. 21, 24) | J85: 25
A86: 83% ФОТ (от 981) (Поз. 1, 4-5, 9, 11-12, 17, 19) | J86: 814
A87: Итоги по смете:
A88: Сантехнические работы - внутренние (трубопроводы, водопровод, канализация, отопление, газоснабжение, вентиляция и кондиционирование воздуха) | J88: 6698 | O88: 69.09 | Q88: 0.35
A89: Внутренние санитарно-технические работы: демонтаж и разборка (ремонтно-строительные) | J89: 152 | O89: 5.39 | Q89: 0.02
A90: Работы по реконструкции зданий и сооружений (усиление и замена существующих конструкций, разборка и возведение отдельных конструктивных элементов) | J90: 2162 | O90: 24.64 | Q90: 6.23
A91: Материалы | J91: 174
A92: Материалы покупные | J92: 413
A93: Защита строительных конструкций и оборудования от коррозии | J93: 34 | O93: 0.39
A94: Отделочные работы | J94: 176 | O94: 5.29
A95: Теплоизоляционные работы | J95: 206 | O95: 4.39
A96: Прочие ремонтно-строительные работы | J96: 17 | O96: 0.51
A97: Внутренние санитарно-технические работы: смена труб, санитарно-технических приборов и другие работы (ремонтно-строительные) | J97: 313 | O97: 2.69 | Q97: 0.01
A98: Конструкции из кирпича и блоков | J98: 109 | O98: 2.2
A99: Полы | J99: 184 | O99: 2.51 | Q99: 0.19
A100: Итого | J100: 10638 | O100: 117.1 | Q100: 6.8
A101: В том числе:
A102: Материалы | J102: 4419
A103: Машины и механизмы | J103: =1275-M60 -> 1162
...

Sheet 25460
A1: СОГЛАСОВАНО: | E1: ФГУП "Комбинат "Электрохимприбор" | M1: УТВЕРЖДАЮ:
G2: (наименование стройки) | M2: Зам. генерального директора
M3: Е.В.Гордеев
A4: _________________ | M4: _________________
A5: " _____ " ________________ 2014 г. | M5: "______ " __________2014 г.
G6: ЛОКАЛЬНЫЙ СМЕТНЫЙ РАСЧЕТ № 25460
G7: (локальная смета)
C9: на | D9: Электроснабжение (наружные сети). Войсковая часть 3275. Банно-прачечный комбинат.
D10: Водонагреватель ЭПВН-120.
G11: (наименование работ и затрат, наименование объекта)
D13: Основание: проект № 24951-14-ЭС | N13: Справочно, в тыс.руб. :
D14: Сметная стоимость _______________________________________________________________________________________________ | J14: ___________________________130,156 | L14: тыс. руб. | N14: ВСЕГО: | P14: =P15+P16+P17+P18 -> 765.41035
D15: строительных работ _______________________________________________________________________________________________ | J15: _______________________________________________________________________________________________15,261 | L15: тыс. руб. | N15: с К=5,98 | P15: =5.98*15.261 -> 91.26078
D16: монтажных работ _______________________________________________________________________________________________ | J16: _______________________________________________________________________________________________101,480 | L16: тыс. руб. | N16: с К=5,98 | P16: =5.98*101.48 -> 606.8504
D17: прочих (ПНР "в холостую") _______________________________________________________________________________________________ | J17: _______________________________________________________________________________________________1,726 | L17: тыс. руб. | N17: с К=10,48 | P17: =10.48*1.726 -> 18.08848
D18: оборудования _______________________________________________________________________________________________ | J18: _______________________________________________________________________________________________11,689 | L18: тыс. руб. | N18: с К=4,21 | P18: =4.21*11.689 -> 49.21069
D19: Средства на оплату труда _______________________________________________________________________________________________ | J19: ___________________________9,054 | L19: тыс. руб.
D20: Сметная трудоемкость _______________________________________________________________________________________________ | J20: _______________________________________________________________________________________________539,93 | L20: чел.час
D21: Материалы ______________________________________ | K21: =K146/1000 -> 82.091 | L21: тыс.руб. | N21: с К=5,98 | P21: =K21*5.98 -> 490.90418
D22: Составлен(а) в базовых ценах 2001г. в редакции 2009г.
A24: № пп | B24: Обоснова-ние | C24: Наименование | D24: Ед. изм. | E24: Кол. | F24: Стоимость единицы, руб. | J24: Общая стоимость, руб. | O24: Т/з осн. раб.на ед. | P24: Т/з осн. раб. Всего | Q24: Общая масса обору-дования, т
F25: Всего | G25: В том числе | J25: Обору-дование | K25: Всего | L25: В том числе
G26: Осн.З/п | H26: Эк.Маш | I26: З/пМех | L26: Осн.З/п | M26: Эк.Маш | N26: З/пМех
A27: 1 | B27: 2 | C27: 3 | D27: 4 | E27: 5 | F27: 6 | G27: 7 | H27: 8 | I27: 9 | J27: 10 | K27: 11 | L27: 12 | M27: 13 | N27: 14 | O27: 15 | P27: 16 | Q27: 17
A28: Раздел 1. Демонтажные работы
A29: 1 | B29: ТЕРм08-01-016-01 | C29: Демонтаж: предохранитель напряжением 35 кВ КОЭФ. К ПОЗИЦИИ: Демонтаж оборудования, которое не подлежит дальнейшему использованию (предназначено в лом) без разборки и резки ОЗП=0,3; ЭМ=0,3 к расх.; ЗПМ=0,3; МАТ=0 к расх.; ТЗ=0,3; ТЗМ=0,3 | D29: 1 шт. | E29: 6 | F29: 19.81 | G29: 11.54 | H29: 8.27 | I29: 0.49 | K29: 119 | L29: 69 | M29: 50 | N29: 3 | O29: 0.85 | P29: 5.1
A30: 2 | B30: ТЕРм08-01-006-01 | C30: Демонтаж: трансформатор тока напряжением 35 кВ КОЭФ. К ПОЗИЦИИ: Демонтаж оборудования, которое не подлежит дальнейшему использованию (предназначено в лом) без разборки и резки ОЗП=0,3; ЭМ=0,3 к расх.; ЗПМ=0,3; МАТ=0 к расх.; ТЗ=0,3; ТЗМ=0,3 | D30: 1 компл. (3 фазы) | E30: 6 | F30: 179.13 | G30: 74.39 | H30: 104.74 | I30: 8.3 | K30: 1075 | L30: 446 | M30: 629 | N30: 50 | O30: 5.49 | P30: 32.94
A31: 3 | B31: ТЕРм08-03-573-02 | C31: Демонтаж: вводная панель размером 1800х800х300мм КОЭФ. К ПОЗИЦИИ: Демонтаж оборудования, которое не подлежит дальнейшему использованию (предназначено в лом) без разборки и резки ОЗП=0,3; ЭМ=0,3 к расх.; ЗПМ=0,3; МАТ=0 к расх.; ТЗ=0,3; ТЗМ=0,3 | D31: 1 шт. | E31: 1 | F31: 68.43 | G31: 9.93 | H31: 58.5 | I31: 4.34 | K31: 68 | L31: 10 | M31: 58 | N31: 4 | O31: 0.71 | P31: 0.71
A32: 4 | B32: ТЕРм08-02-145-01 | C32: Демонтаж провода, прокложенного по дну канала без креплений КОЭФ. К ПОЗИЦИИ: Демонтаж оборудования, которое не подлежит дальнейшему использованию (предназначено в лом) без разборки и резки ОЗП=0,3; ЭМ=0,3 к расх.; ЗПМ=0,3; МАТ=0 к расх.; ТЗ=0,3; ТЗМ=0,3 | D32: 100 м кабеля | E32: 0.2 | F32: 137.62 | G32: 29.76 | H32: 107.86 | I32: 10.81 | K32: 28 | L32: 6 | M32: 22 | N32: 2 | O32: 2.2 | P32: 0.44
A33: Итого по разделу 1 Демонтажные работы | K33: 3108 | P33: 52.91
A34: Раздел 2. Монтажные работы в здании
A35: 5 | B35: Цена поставщика | C35: Предохранитель ППН-37 400А | D35: шт. | E35: 6 | F35: 13,89 98/1,18/5,98 | K35: 83
A36: 6 | B36: ТЕРм08-01-016-01 | C36: Предохранитель напряжением 35 кВ | D36: 1 шт. | E36: 6 | F36: 110.45 | G36: 38.48 | H36: 27.56 | I36: 1.64 | K36: 663 | L36: 231 | M36: 165 | N36: 10 | O36: 2.84 | P36: 17.04
A37: 7 | B37: Цена поставщика | C37: Трансформатор тока ТТИ-30 300/5А 5ВА класс 0,5 ИЭК ITT20-2-05-0300 | D37: шт. | E37: 6 | F37: 63,09 445,20/1,18/5,98 | K37: 379
A38: 8 | B38: ТЕРм08-01-006-01 | C38: Трансформатор тока напряжением 35 кВ | D38: 1 компл. (3 фазы) | E38: 6 | F38: 377.14 | G38: 247.97 | H38: 6.46 | K38: 2263 | L38: 1488 | M38: 39 | O38: 18.3 | P38: 109.8
A39: 9 | B39: Цена поставщика | C39: Щит учета ЩУ2/Т-3544М-31 | D39: шт. | E39: 1 | F39: 7319,09/1,18/4,21 | J39: 1473 | K39: 1473
A40: 10 | B40: ТЕРм08-03-573-05 | C40: Шкаф (пульт) управления навесной, высота, ширина и глубина до 900х600х500 мм | D40: 1 шт. | E40: 1 | F40: 126.83 | G40: 33.11 | H40: 89.04 | I40: 6.72 | K40: 127 | L40: 33 | M40: 89 | N40: 7 | O40: 2.37 | P40: 2.37
A41: 11 | B41: Цена поставщика | C41: Счетчик СЭТ-4ТМ.03М.09 | D41: шт. | E41: 2 | F41: 19289/1,18/4,21 | J41: 7766 | K41: 7766
A42: 12 | B42: ТЕРм08-03-600-02 | C42: Счетчики, устанавливаемые на готовом основании трехфазные | D42: 1 шт. | E42: 2 | F42: 15.65 | G42: 12.15 | H42: 2.92 | I42: 0.18 | K42: 31 | L42: 24 | M42: 6 | O42: 0.87 | P42: 1.74
A43: 13 | B43: Цена поставщика | C43: Вводная панель ВРУЗ-12 | D43: шт. | E43: 1 | F43: 12171,13/1,18/4,21 | J43: 2450 | K43: 2450
A44: 14 | B44: ТЕРм08-03-573-01 | C44: Пульт управления напольный, высота до 1200 мм, глубина и ширина по фронту до 700х600 мм | D44: 1 шт. | E44: 1 | F44: 173.56 | G44: 33.11 | H44: 133.26 | I44: 9.84 | K44: 174 | L44: 33 | M44: 133 | N44: 10 | O44: 2.37 | P44: 2.37
A45: 15 | B45: Цена поставщика | C45: Предохранители ППН-35 250А; ППН-33 40А | D45: шт. | E45: 6 | F45: 25,51 180/1,18/5,98 | K45: 153
A46: 16 | B46: ТЕРм08-01-016-01 | C46: Предохранитель напряжением 35 кВ | D46: 1 шт. | E46: 6 | F46: 110.45 | G46: 38.48 | H46: 27.56 | I46: 1.64 | K46: 663 | L46: 231 | M46: 165 | N46: 10 | O46: 2.84 | P46: 17.04
A47: 17 | B47: ТЕРм08-02-472-06 | C47: Проводник заземляющий открыто по строительным основаниям из полосовой стали сечением 100 мм2 | D47: 100 м | E47: 0.55 | F47: 1351.39 | G47: 251.75 | H47: 85.67 | I47: 3.46 | K47: 743 | L47: 138 | M47: 47 | N47: 2 | O47: 19 | P47: 10.45
A48: 18 | B48: Цена поставщика | C48: Наконечник DT-95 медный прессованный кабельный ИЭК (нов) | D48: шт. | E48: 26 | F48: 28,87 203,70/1,18/5,98 | K48: 751
A49: 19 | B49: Цена поставщика | C49: Наконечник DT-50 медный прессованный кабельный ИЭК (нов) | D49: шт. | E49: 6 | F49: 15,97 112,70/1,18/5,98 | K49: 96
A50: 20 | B50: Цена поставщика | C50: Сальник PG 48 диаметр проводника 36-44мм IP54 ИЭК | D50: шт. | E50: 1 | F50: 13,49 95,20/1,18/5,98 | K50: 13
A51: 21 | B51: Цена поставщика | C51: Кабель силовой КГВВГнг 3х95+1х50мм2 | D51: 1000 м | E51: 0.051 | F51: 156241,14 1102500/1,18/5,98 | K51: 7968
A52: 22 | B52: ТЕРм08-02-146-05 | C52: Кабель до 35 кВ с креплением накладными скобами, масса 1 м кабеля до 6 кг | D52: 100 м кабеля | E52: 0.5 | F52: 4703.99 | G52: 411.92 | H52: 2951.22 | I52: 318.07 | K52: 2352 | L52: 206 | M52: 1476 | N52: 159 | O52: 30.4 | P52: 15.2
A53: 23 | B53: ТЕРм08-02-144-05 | C53: Присоединение к зажимам жил проводов или кабелей сечением до 70 мм2 | D53: 100 шт. | E53: 0.04 | F53: 261.22 | G53: 256.1 | K53: 10 | L53: 10 | O53: 18.9 | P53: 0.76
A54: 24 | B54: ТЕРм08-02-144-06 | C54: Присоединение к зажимам жил проводов или кабелей сечением до 150 мм2 | D54: 100 шт. | E54: 0.12 | F54: 392.52 | G54: 384.82 | K54: 47 | L54: 46 | O54: 28.4 | P54: 3.41
A55: 25 | B55: ТЕРм08-02-158-15 | C55: Заделка концевая сухая для 3-4-жильного кабеля с пластмассовой и резиновой изоляцией напряжением до 1 кВ, сечение одной жилы до 120 мм2 | D55: 1 шт. | E55: 4 | F55: 29.6 | G55: 18.56 | H55: 2.92 | I55: 0.18 | K55: 118 | L55: 74 | M55: 12 | N55: 1 | O55: 1.37 | P55: 5.48
A56: 26 | B56: Цена поставщика | C56: Кабель контрольный КВВГнг 10х1,5мм2 | D56: 1000 м | E56: 0.0306 | F56: 14100,67 99,5*1000/1,18/5,98 | K56: 431
A57: 27 | B57: ТЕРм08-02-145-01 | C57: Кабель до 35 кВ, прокладываемый по дну канала без креплений, масса 1 м кабеля до 1 кг | D57: 100 м кабеля | E57: 0.26 | F57: 556.19 | G57: 99.19 | H57: 359.55 | I57: 36.04 | K57: 145 | L57: 26 | M57: 93 | N57: 9 | O57: 7.32 | P57: 1.9
A58: 28 | B58: ТЕРм08-02-148-01 | C58: Кабель до 35 кВ в проложенных трубах, блоках и коробах, масса 1 м кабеля до 1 кг | D58: 100 м кабеля | E58: 0.04 | F58: 798.84 | G58: 168.02 | H58: 544.81 | I58: 57.87 | K58: 32 | L58: 7 | M58: 22 | N58: 2 | O58: 12.4 | P58: 0.5
A59: 29 | B59: ТЕРм08-02-158-06 | C59: Заделка концевая сухая для контрольного кабеля сечением одной жилы до 2,5 мм2, количество жил до 10 | D59: 1 шт. | E59: 2 | F59: 44.11 | G59: 7.05 | H59: 2.92 | I59: 0.18 | K59: 88 | L59: 14 | M59: 6 | O59: 0.52 | P59: 1.04
A60: 30 | B60: ТЕРм08-02-144-01 | C60: Присоединение к зажимам жил проводов или кабелей сечением до 2,5 мм2 | D60: 100 шт. | E60: 0.2 | F60: 165.85 | G60: 162.6 | K60: 33 | L60: 33 | O60: 12 | P60: 2.4
A61: 31 | B61: ТСЦ-502-0528 | C61: Провода силовые для электрических установок на напряжение до 450 В с медной жилой марки ПВ3, сечением 95 мм2 | D61: 1000 м | E61: 0.0204 | F61: 75835 | K61: 1547
A62: 32 | B62: ТЕРм08-02-145-01 | C62: Кабель (провод) до 35 кВ, прокладываемый по дну канала без креплений, масса 1 м кабеля до 1 кг | D62: 100 м кабеля | E62: 0.2 | F62: 556.19 | G62: 99.19 | H62: 359.55 | I62: 36.04 | K62: 111 | L62: 20 | M62: 72 | N62: 7 | O62: 7.32 | P62: 1.46
A63: 33 | B63: ТЕРм08-02-374-01 | C63: Устройство ввода в асбестоцементной трубе, провод сечением до 16 мм2, количество проводов в линии 2 | D63: 1 шт. | E63: 0.04 | F63: 499.66 | G63: 47.48 | H63: 437.69 | I63: 50.96 | K63: 20 | L63: 2 | M63: 18 | N63: 2 | O63: 3.21 | P63: 0.13
A64: 34 | B64: ТСЦ-103-0981 | C64: Трубы асбестоцементные дренажные диаметром 100 мм | D64: м | E64: 8 | F64: 26.82 | K64: 215
A65: 35 | B65: ТЕРм08-02-155-01 | C65: Герметизация проходов при вводе кабелей во взрывоопасные помещения огнестойкой пеной DF1201 DKC | D65: 1 проход кабеля | E65: 4 | F65: 9.67 | G65: 6.37 | K65: 39 | L65: 25 | O65: 0.47 | P65: 1.88
A66: 36 | B66: Цена поставщика | C66: Пена монтажная огнестойкая в баллончике DF1201 DKC | D66: шт. | E66: 1 | F66: 206,76 1458,99/1,18/5,98 | K66: 207
A67: Итого по разделу 2 Монтажные работы в здании | K67: 39747 | P67: 263.21
A68: Раздел 3. Наружные сети
A69: 37 | B69: Цена поставщика | C69: Кабель силовой ВБбШв 3х95+1х50мм2 | D69: 1000 м | E69: 0.2856 | F69: 187802,56 1325,21*1000/1,18/5,98 | K69: 53636
A70: 38 | B70: ТЕРм08-02-146-05 | C70: Кабель до 35 кВ с креплением накладными скобами, масса 1 м кабеля до 6 кг | D70: 100 м кабеля | E70: 0.42 | F70: 4703.99 | G70: 411.92 | H70: 2951.22 | I70: 318.07 | K70: 1976 | L70: 173 | M70: 1240 | N70: 134 | O70: 30.4 | P70: 12.77
A71: 39 | B71: ТЕРм08-02-141-04 | C71: Кабель до 35 кВ в готовых траншеях без покрытий, масса 1 м до 6 кг | D71: 100 м кабеля | E71: 1.76 | F71: 1606.72 | G71: 295.39 | H71: 1194.52 | I71: 113.96 | K71: 2828 | L71: 520 | M71: 2102 | N71: 201 | O71: 21.8 | P71: 38.37
A72: 40 | B72: ТЕРм08-02-142-01 | C72: Устройство постели при одном кабеле в траншее | D72: 100 м кабеля | E72: 1 | F72: 1549.97 | G72: 89.84 | H72: 1458.33 | I72: 90.82 | K72: 1550 | L72: 90 | M72: 1458 | N72: 91 | O72: 6.63 | P72: 6.63
A73: 41 | B73: ТЕРм08-02-142-02 | C73: На каждый последующий кабель добавлять к расценке 08-02-142-01 | D73: 100 м кабеля | E73: 1 | F73: 452.33 | G73: 33.74 | H73: 417.92 | I73: 26.03 | K73: 452 | L73: 34 | M73: 418 | N73: 26 | O73: 2.49 | P73: 2.49
A74: 42 | B74: ТСЦ-408-0122 | C74: Песок природный для строительных работ средний | D74: м3 | E74: 18 | F74: 135.61 | K74: 2441
A75: 43 | B75: ТЕРм08-02-148-04 | C75: Кабель до 35 кВ в проложенных трубах, блоках и коробах, масса 1 м кабеля до 6 кг | D75: 100 м кабеля | E75: 0.62 | F75: 1879.03 | G75: 390.24 | H75: 1398.34 | I75: 138.3 | K75: 1165 | L75: 242 | M75: 867 | N75: 86 | O75: 28.8 | P75: 17.86
A76: 44 | B76: ТЕРм08-02-143-01 | C76: Покрытие кабеля, проложенного в траншее кирпичом одного кабеля | D76: 100 м кабеля | E76: 0.88 | F76: 1329.11 | G76: 88.21 | H76: 1239.14 | I76: 77.17 | K76: 1170 | L76: 78 | M76: 1090 | N76: 68 | O76: 6.51 | P76: 5.73
A77: 45 | B77: ТЕРм08-02-143-02 | C77: Покрытие кабеля, проложенного в траншее кирпичом каждого последующего | D77: 100 м кабеля | E77: 0.88 | F77: 789.31 | G77: 46.07 | H77: 742.32 | I77: 46.23 | K77: 695 | L77: 41 | M77: 653 | N77: 41 | O77: 3.4 | P77: 2.99
A78: 46 | B78: ТСЦ-404-0001 | C78: Кирпич керамический одинарный, размером 250х120х65 мм, марка 25 | D78: 1000 шт. | E78: 1.668 | F78: 607.88 | K78: 1014
A79: 47 | B79: ТЕРм08-02-155-01 | C79: Герметизация уплотнительной массой в трубах с обоих концов | D79: 1 проход кабеля | E79: 12 | F79: 22.58 | G79: 6.37 | K79: 271 | L79: 76 | O79: 0.47 | P79: 5.64
A80: 48 | B80: ТЕРм08-02-158-15 | C80: Заделка концевая сухая для 3-4-жильного кабеля с пластмассовой и резиновой изоляцией напряжением до 1 кВ, сечение одной жилы до 120 мм2 | D80: 1 шт. | E80: 4 | F80: 29.6 | G80: 18.56 | H80: 2.92 | I80: 0.18 | K80: 118 | L80: 74 | M80: 12 | N80: 1 | O80: 1.37 | P80: 5.48
A81: 49 | B81: ТЕРм08-02-144-05 | C81: Присоединение к зажимам жил проводов или кабелей сечением до 70 мм2 | D81: 100 шт. | E81: 0.04 | F81: 261.22 | G81: 256.1 | K81: 10 | L81: 10 | O81: 18.9 | P81: 0.76
A82: 50 | B82: ТЕРм08-02-144-06 | C82: Присоединение к зажимам жил проводов или кабелей сечением до 150 мм2 | D82: 100 шт. | E82: 0.12 | F82: 392.52 | G82: 384.82 | K82: 47 | L82: 46 | O82: 28.4 | P82: 3.41
A83: Итого по разделу 3 Наружные сети | K83: 72759 | P83: 117.45
A84: Раздел 4. Строительные работы
A85: 51 | B85: ТЕР01-01-003-09 | C85: Разработка грунта в отвал экскаваторами «драглайн» или «обратная лопата» с ковшом вместимостью 0,65 (0,5-1) м3, группа грунтов 3 | D85: 1000 м3 грунта | E85: 0.054 | F85: 4796.33 | G85: 145.29 | H85: 4651.04 | I85: 489.16 | K85: 259 | L85: 8 | M85: 251 | N85: 26 | O85: 13.22 | P85: 0.71
A86: 52 | B86: ТЕР01-02-057-02 | C86: Разработка грунта вручную в траншеях глубиной до 2 м без креплений с откосами, группа грунтов 2 (зачистка дна траншеи) | D86: 100 м3 грунта | E86: 0.016 | F86: 1692.46 | G86: 1692.46 | K86: 27 | L86: 27 | O86: 154 | P86: 2.46
A87: 53 | B87: ТЕР01-01-033-05 | C87: Засыпка траншей и котлованов с перемещением грунта до 5 м бульдозерами мощностью 79 кВт (108 л.с.), группа грунтов 2 | D87: 1000 м3 грунта | E87: 0.035 | F87: 445.76 | H87: 445.76 | I87: 70.73 | K87: 16 | M87: 16 | N87: 2
A88: 54 | B88: ТЕР01-02-061-02 | C88: Засыпка вручную траншей, пазух котлованов и ям, группа грунтов 2 | D88: 100 м3 грунта | E88: 0.016 | F88: 1027.4 | G88: 1027.4 | K88: 16 | L88: 16 | O88: 97.2 | P88: 1.56
A89: 55 | B89: ТЕР01-01-036-02 | C89: Планировка площадей бульдозерами мощностью 79 кВт (108 л.с.) | D89: 1000 м2 | E89: 0.2 | F89: 26.66 | H89: 26.66 | I89: 4.23 | K89: 5 | M89: 5 | N89: 1
A90: 56 | B90: ТЕР01-02-057-03 | C90: Разработка грунта вручную в траншеях глубиной до 2 м без креплений с откосами, группа грунтов 3 (шурфы 6 шт; из расчета 1м3 на 1шт) | D90: 100 м3 грунта | E90: 0.06 | F90: 2725.52 | G90: 2725.52 | K90: 164 | L90: 164 | O90: 248 | P90: 14.88
A91: 57 | B91: ТЕР01-02-061-03 | C91: Засыпка вручную траншей, пазух котлованов и ям, группа грунтов 3 (шурфы) | D91: 100 м3 грунта | E91: 0.06 | F91: 1278.97 | G91: 1278.97 | K91: 77 | L91: 77 | O91: 121 | P91: 7.26
A92: 58 | B92: ТЕР01-02-005-02 | C92: Уплотнение грунта пневматическими трамбовками, группа грунтов 3-4 | D92: 100 м3 | E92: 0.35 | F92: 721.54 | G92: 179.67 | H92: 541.87 | I92: 56.7 | K92: 253 | L92: 63 | M92: 190 | N92: 20 | O92: 14.96 | P92: 5.24
A93: 59 | B93: ТЕР22-01-011-03 | C93: Укладка стальных водопроводных труб диаметром 100 мм | D93: 1 км | E93: 0.062 | F93: 10631.75 | G93: 5150.27 | H93: 4754.2 | I93: 605.7 | K93: 659 | L93: 319 | M93: 295 | N93: 38 | O93: 353 | P93: 21.89
A94: 60 | B94: ТСЦ-103-0010 | C94: Трубы стальные сварные водогазопроводные с резьбой черные легкие (неоцинкованные) диаметр условного прохода 100 мм, толщина стенки 4 мм | D94: м | E94: 62 | F94: 100.13 | K94: 6208
A95: Вскрытие и восстановление асфальтобетона
A96: 61 | B96: ТЕР27-03-008-04 | C96: Разборка покрытий и оснований асфальтобетонных | D96: 100 м3 конструкций | E96: 0.02 | F96: 9798.75 | G96: 2105.46 | H96: 7693.29 | I96: 716.85 | K96: 196 | L96: 42 | M96: 154 | N96: 14 | O96: 179.8 | P96: 3.6
A97: 62 | B97: ТЕР27-03-008-02 | C97: Разборка покрытий и оснований щебеночных | D97: 100 м3 конструкций | E97: 0.038 | F97: 674.6 | G97: 145.29 | H97: 529.31 | I97: 65.38 | K97: 26 | L97: 6 | M97: 20 | N97: 2 | O97: 13.22 | P97: 0.5
A98: 63 | B98: ТЕР27-04-005-01 | C98: Устройство оснований толщиной 15 см из щебня фракции 40-70 мм при укатке каменных материалов с пределом прочности на сжатие свыше 98,1 МПа (1000 кгс/см2) однослойных | D98: 1000 м2 основания | E98: 0.025 | F98: 32528.99 | G98: 429.21 | H98: 5950.28 | I98: 827.17 | K98: 813 | L98: 11 | M98: 149 | N98: 21 | O98: 37.29 | P98: 0.93
A99: 64 | B99: ТЕР27-06-026-01 | C99: Розлив битума (0,8кг на 1м2) | D99: 1 т | E99: 0.02 | F99: 2017.46 | H99: 46.53 | I99: 11.16 | K99: 40 | M99: 1
A100: 65 | B100: ТЕР27-06-020-01 | C100: Устройство покрытия толщиной 4 см из горячих асфальтобетонных смесей плотных мелкозернистых типа АБВ, плотность каменных материалов 2,5-2,9 т/м3 | D100: 1000 м2 покрытия | E100: 0.025 | F100: 55602.96 | G100: 518.97 | H100: 2984 | I100: 322.26 | K100: 1390 | L100: 13 | M100: 75 | N100: 8 | O100: 38.3 | P100: 0.96
A101: 66 | B101: ТЕР27-06-021-01 | C101: На каждые 0,5 см изменения толщины покрытия добавлять или исключать к расценке 27-06-020-01 КОЭФ. К ПОЗИЦИИ: Новый коэффициент ПЗ=6 (ОЗП=6; ЭМ=6 к расх.; ЗПМ=6; МАТ=6 к расх.; ТЗ=6; ТЗМ=6) | D101: 1000 м2 покрытия | E101: 0.025 | F101: 39009.36 | G101: 7.32 | H101: 19.92 | K101: 975 | O101: 0.54 | P101: 0.01
A102: Итого по разделу 4 Строительные работы | K102: 12820 | P102: 60
A103: Раздел 5. Пусконаладочные работы (в холостую 80%)
...

Sheet 25466
A1: СОГЛАСОВАНО: | E1: ФГУП "Комбинат "Электрохимприбор" | M1: УТВЕРЖДАЮ:
G2: (наименование стройки) | M2: Зам. генерального директора
M3: Е.В.Гордеев
A4: _________________ | M4: _________________
A5: " _____ " ________________ 2014 г. | M5: "______ " __________2014 г.
G6: ЛОКАЛЬНЫЙ СМЕТНЫЙ РАСЧЕТ № 25466
G7: (локальная смета)
C9: на | D9: установку жироуловителя. В/ч 3275. Столовая. Инв.№ 5500459
D10: Раздел: Наружная канализация
G11: (наименование работ и затрат, наименование объекта)
D13: Основание: проект № 24936-14-НК | N13: Справочно, в тыс.руб. :
D14: Сметная стоимость _______________________________________________________________________________________________ | J14: ___________________________62,903 | L14: тыс. руб. | N14: ВСЕГО: | P14: =P15+P16+P17 -> 298.26755
D15: строительных работ _______________________________________________________________________________________________ | J15: _______________________________________________________________________________________________16,925 | L15: тыс. руб. | N15: с К=5,98 | P15: =16.925*5.98 -> 101.2115
D16: монтажных работ _______________________________________________________________________________________________ | J16: _______________________________________________________________________________________________1,971 | L16: тыс. руб. | N16: с К=5,98 | P16: =1.971*5.98 -> 11.78658
D17: оборудования _______________________________________________________________________________________________ | J17: _______________________________________________________________________________________________44,007 | L17: тыс. руб. | N17: с К=4,21 | P17: =4.21*44.007 -> 185.26947
D18: Средства на оплату труда _______________________________________________________________________________________________ | J18: ___________________________3,034 | L18: тыс. руб. | N18: с К=5,98 | P18: =3.035*5.98 -> 18.1493
D19: Сметная трудоемкость _______________________________________________________________________________________________ | J19: _______________________________________________________________________________________________169,6 | L19: чел.час
D20: Материалы ______________________________________ | K20: =K96/1000 -> 9.627 | L20: тыс.руб. | N20: с К=5,98 | P20: =K20*5.98 -> 57.56946
D21: Составлен(а) в базовых ценах 2001г. в редакции 2009г.
A23: № пп | B23: Обоснова-ние | C23: Наименование | D23: Ед. изм. | E23: Кол. | F23: Стоимость единицы, руб. | J23: Общая стоимость, руб. | O23: Т/з осн. раб.на ед. | P23: Т/з осн. раб. Всего | Q23: Общая масса обору-дования, т
F24: Всего | G24: В том числе | J24: Обору-дование | K24: Всего | L24: В том числе
G25: Осн.З/п | H25: Эк.Маш | I25: З/пМех | L25: Осн.З/п | M25: Эк.Маш | N25: З/пМех
A26: 1 | B26: 2 | C26: 3 | D26: 4 | E26: 5 | F26: 6 | G26: 7 | H26: 8 | I26: 9 | J26: 10 | K26: 11 | L26: 12 | M26: 13 | N26: 14 | O26: 15 | P26: 16 | Q26: 17
A27: Раздел 1. Разборка конструкций
A28: 1 | B28: ТЕР01-01-003-09 | C28: Разработка грунта в отвал экскаваторами «драглайн» или «обратная лопата» с ковшом вместимостью 0,65 (0,5-1) м3, группа грунтов 3 | D28: 1000 м3 грунта | E28: 0.03 | F28: 4796.33 | G28: 145.29 | H28: 4651.04 | I28: 489.16 | K28: 144 | L28: 4 | M28: 140 | N28: 15 | O28: 13.22 | P28: 0.4
A29: 2 | B29: ТЕР01-02-057-02 | C29: Разработка грунта вручную в траншеях глубиной до 2 м без креплений с откосами, группа грунтов 2 | D29: 100 м3 грунта | E29: 0.009 | F29: 1692.46 | G29: 1692.46 | K29: 15 | L29: 15 | O29: 154 | P29: 1.39
A30: 3 | B30: ТЕРр66-3-1 | C30: Разборка кирпичной кладки существующего жироуловителя | D30: 1 м3 кладки | E30: 4 | F30: 70.78 | G30: 70.78 | K30: 283 | L30: 283 | O30: 6.44 | P30: 25.76
A31: 4 | B31: ТЕР23-03-001-03 | C31: Разборка круглых сборных железобетонных канализационных колодцев диаметром 1 м в сухих грунтах КОЭФ. К ПОЗИЦИИ: Демонтаж (разборка) наружных сетей водопровода, канализации, теплоснабжения и газоснабжения ОЗП=0,6; ЭМ=0,6 к расх.; ЗПМ=0,6; МАТ=0 к расх.; ТЗ=0,6; ТЗМ=0,6 | D31: 10 м3 железобетонных и бетонных конструкций колодца | E31: 0.1853 | F31: 2821.81 | G31: 1063.48 | H31: 1758.33 | I31: 208.97 | K31: 523 | L31: 197 | M31: 326 | N31: 39 | O31: 83.21 | P31: 15.42
A32: 5 | B32: ФССЦпг01-01-01-041 | C32: Погрузочные работы при автомобильных перевозках: Мусор строительный с погрузкой вручную КОЭФ. К ПОЗИЦИИ: п.1.1.9 ОП Прил.1. Поясной коэффициент: Свердловская область ПЗ=1,1 (ОЗП=1,1; ЭМ=1,1; ЗПМ=1,1; МАТ=1,1) | D32: 1 т груза | E32: 13 | F32: 47.28 | G32: 47.28 | K32: 615 | L32: 615
A33: 6 | B33: ФССЦпг03-21-01-040 | C33: Перевозка грузов (мусора) автомобилями-самосвалами грузоподъемностью 10 т, работающих вне карьера, на расстояние: до 40 км I класс груза КОЭФ. К ПОЗИЦИИ: 15 Поясные коэффициенты к сметным ценам на перевозку грузов автомобильным транспортом: Свердловская область ПЗ=1,1 (ОЗП=1,1; ЭМ=1,1; ЗПМ=1,1; МАТ=1,1) | D33: 1 т груза | E33: 13 | F33: 25.55 | H33: 25.55 | K33: 332 | M33: 332
A34: Итого по разделу 1 Разборка конструкций | K34: 3108 | P34: 45.55
A35: Раздел 2. Общестрительные работы
A36: 7 | B36: ТЕР23-01-001-01 | C36: Устройство основания под трубопроводы песчаного | D36: 10 м3 основания | E36: 0.016 | F36: 1636.02 | G36: 117.4 | H36: 26.91 | I36: 5.47 | K36: 26 | L36: 2 | O36: 10.2 | P36: 0.16
A37: 8 | B37: ТЕР22-01-021-05 | C37: Укладка трубопроводов из полиэтиленовых труб диаметром 150 мм | D37: 1 км трубопровода | E37: 0.004 | F37: 151685.85 | G37: 3707.57 | H37: 4856.62 | I37: 734.71 | K37: 607 | L37: 15 | M37: 19 | N37: 3 | O37: 286.52 | P37: 1.15
A38: 9 | B38: ТЕР22-01-021-02 | C38: Укладка трубопроводов из полиэтиленовых труб диаметром 65 мм (техническая вентиляция) | D38: 1 км трубопровода | E38: 0.0025 | F38: 31824.14 | G38: 2718.01 | H38: 2653.22 | I38: 413.62 | K38: 80 | L38: 7 | M38: 7 | N38: 1 | O38: 207.64 | P38: 0.52
A39: 10 | B39: ТЕР22-01-021-01 | C39: Укладка трубопроводов из полиэтиленовых труб диаметром 50 мм (гильза для кабеля) | D39: 1 км трубопровода | E39: 0.004 | F39: 22587.29 | G39: 2626.9 | H39: 2351.91 | I39: 366.36 | K39: 90 | L39: 11 | M39: 9 | N39: 1 | O39: 200.68 | P39: 0.8
A40: 11 | B40: ТЕР22-03-001-02 | C40: Установка фасонных частей чугунных диаметром 125-200 мм | D40: 1 т фасонных частей | E40: 0.0427 | F40: 10595.26 | G40: 453.26 | H40: 416.5 | I40: 36.95 | K40: 452 | L40: 19 | M40: 18 | N40: 2 | O40: 37.74 | P40: 1.61
A41: 12 | B41: ТЕР23-04-008-01 | C41: Присоединение канализационных трубопроводов к существующей сети в грунтах сухих | D41: 1 врезка | E41: 2 | F41: 279.29 | G41: 215.22 | K41: 559 | L41: 430 | O41: 16.84 | P41: 33.68
A42: 13 | B42: ТЕРр65-10-2 | C42: Очистка канализационной сети дворовой | D42: 100 м трубопровода | E42: 0.045 | F42: 1396.8 | G42: 1243.08 | K42: 63 | L42: 56 | O42: 108 | P42: 4.86
A43: 14 | B43: ТЕР22-06-001-05 | C43: Промывка с дезинфекцией трубопроводов диаметром 150 мм | D43: 1 км трубопровода | E43: 0.0045 | F43: 1319.34 | G43: 779.45 | K43: 6 | L43: 4 | O43: 64.9 | P43: 0.29
A44: 15 | B44: ТЕР22-06-001-17 прим. | C44: Промывка с дезинфекцией существующего колодца диаметром 1000 мм L=2000 мм | D44: 1 км трубопровода | E44: 0.002 | F44: 25767.14 | G44: 2221.85 | K44: 52 | L44: 4 | O44: 185 | P44: 0.37
A45: 16 | B45: ТЕР23-03-001-03 | C45: Устройство круглых сборных железобетонных канализационных колодцев диаметром 1 м в сухих грунтах | D45: 10 м3 железобетонных и бетонных конструкций колодца | E45: 0.1853 | F45: 20216.39 | G45: 1772.46 | H45: 2930.56 | I45: 348.28 | K45: 3746 | L45: 328 | M45: 543 | N45: 65 | O45: 138.69 | P45: 25.7
A46: 17 | B46: ТСЦ-101-2535 | C46: Люки чугунные легкий | D46: шт. | E46: 1 | F46: 511.7 | K46: 512
A47: 18 | B47: ТСЦ-509-3905 | C47: Скобы ходовые | D47: кг | E47: 18 | F47: 9.12 | K47: 164
A48: 19 | B48: ТЕРм37-01-013-04 | C48: Монтаж оборудования на открытой площадке, масса оборудования 0,5 т (жироуловитель ЖУ-7) | D48: 1 шт. | E48: 1 | F48: 1196.55 | G48: 385.58 | H48: 173.89 | I48: 13.1 | K48: 1197 | L48: 386 | M48: 174 | N48: 13 | O48: 29.1 | P48: 29.1
A49: 20 | B49: Цена поставщика | C49: Жироуловитель ЖУ-7 | D49: шт | E49: 1 | F49: 209732/1,18/4,21 | J49: 42218 | K49: 42218
A50: 21 | B50: Цена поставщика | C50: Стяжные ремни для ЖУ-7 L=8м | D50: шт | E50: 2 | F50: 270,68 1910/1,18/5,98 | K50: 541
A51: 22 | B51: Цена поставщика | C51: Стяжные ремни для ЖУ-7 | D51: м | E51: 9 | F51: 14,31 101/1,18/5,98 | K51: 129
A52: 23 | B52: Цена поставщика | C52: Капроновые стропы | D52: шт | E52: 2 | F52: 124,57 879/1,18/5,98 | K52: 249
A53: 24 | B53: ТЕР23-04-011-01 прим. | C53: Установка секций технического колодца, люка | D53: 1 шт. | E53: 4 | F53: 23.58 | G53: 15.94 | H53: 7.64 | K53: 94 | L53: 64 | M53: 30 | O53: 1.31 | P53: 5.24
A54: 25 | B54: Цена поставщика | C54: Секция технического колодца ИЛ-5 для ЖУ-7 | D54: шт | E54: 3 | F54: 803,67 5671/1,18/5,98 | K54: 2411
A55: 26 | B55: Цена поставщика | C55: Люк полимерный канализационный, крышка 626 мм тип "Л" | D55: шт | E55: 1 | F55: 141,72 1000/1,18/5,98 | K55: 142
A56: 27 | B56: ТЕР06-01-068-03 | C56: Устройство герметических швов в емкостных сооружениях с применением герметика (швы между удлинительными секциями) | D56: 100 м шва | E56: 0.057 | F56: 10213.23 | G56: 290.78 | H56: 25.11 | K56: 582 | L56: 17 | M56: 1 | O56: 21.7 | P56: 1.24
A57: 28 | B57: ТЕРр69-2-1 | C57: Сверление отверстий равномерно по окружности удлинительной секции (по 6шт. на секцию) | D57: 100 отверстий | E57: 0.18 | F57: 83.02 | G57: 65.93 | H57: 17.09 | K57: 15 | L57: 12 | M57: 3 | O57: 5.49 | P57: 0.99
A58: Итого по разделу 2 Общестрительные работы | K58: 59505 | P58: 120.7
A59: Раздел 3. Земляные работы по устройсву колодца и укладке труб
A60: 29 | B60: ТЕР01-01-003-09 | C60: Разработка грунта в отвал экскаваторами «драглайн» или «обратная лопата» с ковшом вместимостью 0,65 (0,5-1) м3, группа грунтов 3 | D60: 1000 м3 грунта | E60: 0.03 | F60: 4796.33 | G60: 145.29 | H60: 4651.04 | I60: 489.16 | K60: 144 | L60: 4 | M60: 140 | N60: 15 | O60: 13.22 | P60: 0.4
A61: 30 | B61: ТЕР01-02-057-02 | C61: Разработка грунта вручную в траншеях глубиной до 2 м без креплений с откосами, группа грунтов 2 (зачистка дна траншеи) | D61: 100 м3 грунта | E61: 0.01 | F61: 1692.46 | G61: 1692.46 | K61: 17 | L61: 17 | O61: 154 | P61: 1.54
A62: 31 | B62: ТЕР01-01-033-05 | C62: Засыпка траншей и котлованов с перемещением грунта до 5 м бульдозерами мощностью 79 кВт (108 л.с.), группа грунтов 2 | D62: 1000 м3 грунта | E62: 0.026 | F62: 445.76 | H62: 445.76 | I62: 70.73 | K62: 12 | M62: 12 | N62: 2
A63: 32 | B63: ТЕР01-02-061-02 | C63: Засыпка вручную траншей, пазух котлованов и ям, группа грунтов 2 | D63: 100 м3 грунта | E63: 0.01 | F63: 1027.4 | G63: 1027.4 | K63: 10 | L63: 10 | O63: 97.2 | P63: 0.97
A64: Итого по разделу 3 Земляные работы по устройсву колодца и укладке труб | K64: 291 | P64: 3.35
A65: ИТОГИ ПО СМЕТЕ:
A66: Итого прямые затраты по смете в ценах 2001г. | K66: 56030 | L66: 2500 | M66: 1754 | N66: 156 | P66: 151.59
A67: Итого прямые затраты по смете с учетом коэффициентов к итогам | K67: 58456 | L67: 2847 | M67: 1975 | N67: 187 | P67: 169.6
A68: В том числе, справочно:
A69: Районный к-т 4,3% (Поз. 1, 29, 31, 2, 30, 32, 3-4, 7-12, 14-16, 24, 5-6, 13, 27-28, 19) | K69: 114 | L69: 108 | M69: 7 | N69: 7
A70: Заготовительно-складские расходы на материалы - согласно п.4.64 из МДС 81-35.2004 МАТ=1,02 (Поз. 21-23, 25-26) | K70: 69
A71: Транспортные расходы на оборудование - согласно п.4.60 из МДС 81-35.2004 ПЗ=1,03 (ОЗП=1,03; ЭМ=1,03; МАТ=1,03) (Поз. 20) | K71: 1267
A72: Заготовительно-складские расходы на оборудование - согласно п.4.64 из МДС 81-35.2004 ПЗ=1,012 (ОЗП=1,012; ЭМ=1,012; МАТ=1,012) (Поз. 20) | K72: 522
A73: 4. Производство строительных и других работ на открытых и полуоткрытых производственных площадках в стесненных условиях: с наличием в зоне производства работ действующего технологического оборудования или движения технологического транспорта ОЗП=1,15; ЭМ=1,15; ЗПМ=1,15; ТЗ=1,15; ТЗМ=1,15 (Поз. 1, 29, 31, 2, 30, 32, 4, 7-12, 14-16, 24, 27, 19) | K73: 454 | L73: 240 | M73: 214 | N73: 24 | P73: 17.997
A74: Накладные расходы | K74: 2637
A75: В том числе, справочно:
A76: 74% ФОТ (от 295) (Поз. 3) | K76: 218
A77: 78% ФОТ (от 13) (Поз. 28) | K77: 10
A78: 80% ФОТ (от 530) (Поз. 2, 30, 32, 19) | K78: 424
A79: 95% ФОТ (от 47) (Поз. 1, 29, 31) | K79: 45
A80: 103% ФОТ (от 58) (Поз. 13) | K80: 60
A81: 105% ФОТ (от 21) (Поз. 27) | K81: 22
A82: 130% ФОТ (от 1429) (Поз. 4, 7-12, 14-16, 24) | K82: 1858
A83: Сметная прибыль | K83: 1810
A84: В том числе, справочно:
A85: 45% ФОТ (от 51) (Поз. 2, 30, 32) | K85: 23
A86: 50% ФОТ (от 355) (Поз. 1, 29, 31, 3, 28) | K86: 179
A87: 60% ФОТ (от 537) (Поз. 13, 19) | K87: 322
A88: 65% ФОТ (от 21) (Поз. 27) | K88: 14
A89: 89% ФОТ (от 1429) (Поз. 4, 7-12, 14-16, 24) | K89: 1272
A90: Итоги по смете:
A91: Итого Строительные работы | K91: 16925 | P91: 136.13
A92: Итого Монтажные работы | K92: 1971 | P92: 33.47
A93: Итого Оборудование | K93: 44007
A94: Итого | K94: 62903 | P94: 169.6
A95: В том числе:
A96: Материалы | K96: 9627
A97: Машины и механизмы | K97: 1975
A98: ФОТ | K98: 3034
A99: Оборудование | K99: 44007
A100: Накладные расходы | K100: 2637
A101: Сметная прибыль | K101: 1810
A102: ВСЕГО по смете | K102: 62903 | P102: 169.6
B104: ПРИМЕЧАНИЕ: материал от разборки, пригодный для дальнейшего использования, передается балансодержателю по акту
...

Sheet 25467
A1: СОГЛАСОВАНО: | E1: ФГУП "Комбинат "Электрохимприбор" | M1: УТВЕРЖДАЮ:
G2: (наименование стройки) | M2: Зам. генерального директора
M3: Е.В.Гордеев
A4: _________________ | M4: _________________
A5: " _____ " ________________ 2014 г. | M5: "______ " __________2014 г.
G6: ЛОКАЛЬНЫЙ СМЕТНЫЙ РАСЧЕТ № 25467
G7: (локальная смета)
C9: на | D9: установку жироуловителя. В/ч 3275. Столовая. Инв.№ 5500459
D10: Раздел: Архитектурно-строительные решения
G11: (наименование работ и затрат, наименование объекта)
D13: Основание: проект № 24945-14-АС | N13: Справочно, в тыс.руб. :
D14: Сметная стоимость строительных работ _______________________________________________________________________________________________ | J14: ___________________________57,635 | L14: тыс. руб. | N14: ВСЕГО: | P14: =P15 -> 22.62234
D15: Средства на оплату труда _______________________________________________________________________________________________ | J15: ___________________________3,783 | L15: тыс. руб. | N15: с К=5,98 | P15: =3.783*5.98 -> 22.62234
D16: Сметная трудоемкость _______________________________________________________________________________________________ | J16: _______________________________________________________________________________________________266,23 | L16: чел.час
D17: Материалы ______________________________________ | K17: =J57/1000 -> 39.184 | L17: тыс.руб. | N17: с К=5,98 | P17: =K17*5.98 -> 234.32032
D18: Составлен(а) в базовых ценах 2001г. в редакции 2009г.
A20: № пп | B20: Обоснование | C20: Наименование | D20: Ед. изм. | E20: Кол. | F20: Стоимость единицы, руб. | J20: Общая стоимость, руб. | N20: Т/з осн. раб.на ед. | O20: Т/з осн. раб. Всего | P20: Т/з мех. на ед. | Q20: Т/з мех. Всего
F21: Всего | G21: В том числе | J21: Всего | K21: В том числе
G22: Осн.З/п | H22: Эк.Маш | I22: З/пМех | K22: Осн.З/п | L22: Эк.Маш | M22: З/пМех
A23: 1 | B23: 2 | C23: 3 | D23: 4 | E23: 5 | F23: 6 | G23: 7 | H23: 8 | I23: 9 | J23: 10 | K23: 11 | L23: 12 | M23: 13 | N23: 14 | O23: 15 | P23: 16 | Q23: 17
A24: 1 | B24: ТЕР01-01-030-06 | C24: Разработка грунта с перемещением до 10 м бульдозерами мощностью 79 (108) кВт (л.с.), группа грунтов: 2 (срезка растительного слоя толщ. 150мм) | D24: 1000 м3 грунта | E24: 0.00723 | F24: 739.41 | H24: 739.41 | I24: 126.58 | J24: 5 | L24: 5 | M24: 1 | P24: 7.49 | Q24: 0.05
A25: 2 | B25: ТЕР01-01-003-08 | C25: Разработка грунта в отвал экскаваторами «драглайн» или «обратная лопата» с ковшом вместимостью 0,65 (0,5-1) м3, группа грунтов 2 | D25: 1000 м3 грунта | E25: 0.0968 | F25: 3778.42 | G25: 115.18 | H25: 3663.24 | I25: 385.27 | J25: 366 | K25: 11 | L25: 355 | M25: 37 | N25: 10.48 | O25: 1.01 | P25: 22.77 | Q25: 2.2
A26: 3 | B26: ТЕР01-02-056-08 | C26: Доработка грунта вручную в котлованах, группа грунтов 2 | D26: 100 м3 грунта | E26: 0.03 | F26: 3495.76 | G26: 3495.76 | J26: 105 | K26: 105 | N26: 296 | O26: 8.88
A27: 4 | B27: ТЕР08-01-002-01 | C27: Устройство основания под фундаменты песчаного | D27: 1 м3 основания | E27: 3.2 | F27: 238.3 | G27: 26.47 | H27: 41.11 | I27: 4.09 | J27: 763 | K27: 85 | L27: 132 | M27: 13 | N27: 2.3 | O27: 7.36 | P27: 0.29 | Q27: 0.93
A28: 5 | B28: ТЕР07-02-003-08 | C28: Укладка плит ж/б | D28: 100 шт. сборных конструкций | E28: 0.01 | F28: 20298.08 | G28: 2673.5 | H28: 3893.62 | I28: 409.68 | J28: 203 | K28: 27 | L28: 39 | M28: 4 | N28: 204.24 | O28: 2.04 | P28: 22.51 | Q28: 0.23
A29: 6 | B29: ТСЦ-403-5820 | C29: Плиты покрытия, объем 1,68 м3, расход ар-ры 147,57 кг/ (ГОСТ 25912.1-91) | D29: шт. | E29: 1 | F29: 4078.5 | J29: 4079
A30: 7 | B30: ТЕР08-01-002-01 прим. | C30: Засыпка и утрамбовка послойно цементно-песчаной смеси толщ. 200мм | D30: 1 м3 | E30: 92 | F30: 68.31 | G30: 26.47 | H30: 41.11 | I30: 4.09 | J30: 6285 | K30: 2435 | L30: 3782 | M30: 376 | N30: 2.3 | O30: 211.6 | P30: 0.29 | Q30: 26.68
A31: 8 | B31: ТСЦ-407-0027 | C31: Смесь пескоцементная | D31: м3 | E31: 110.4 | F31: 311.18 | J31: 34354
A32: 9 | B32: ТЕР01-01-030-06 | C32: Разработка грунта с перемещением до 10 м бульдозерами мощностью 79 (108) кВт (л.с.), группа грунтов: 2 (укладка растительного слоя толщ. 150мм) | D32: 1000 м3 грунта | E32: 0.00723 | F32: 739.41 | H32: 739.41 | I32: 126.58 | J32: 5 | L32: 5 | M32: 1 | P32: 7.49 | Q32: 0.05
A33: 10 | B33: ТЕР01-01-013-01 | C33: Разработка грунта с погрузкой на автомобили-самосвалы экскаваторами с ковшом вместимостью 1 (1-1,2) м3, группа грунтов 1 | D33: 1000 м3 грунта | E33: 0.0968 | F33: 3222.6 | G33: 70.34 | H33: 3148.43 | I33: 524.17 | J33: 312 | K33: 7 | L33: 305 | M33: 51 | N33: 6.4 | O33: 0.62 | P33: 32.72 | Q33: 3.17
A34: 11 | B34: ФССЦпг03-21-01-010 | C34: Перевозка грузов (грунта) автомобилями-самосвалами грузоподъемностью 10 т, работающих вне карьера, на расстояние: до 10 км I класс груза КОЭФ. К ПОЗИЦИИ: 15 Поясные коэффициенты к сметным ценам на перевозку грузов автомобильным транспортом: Свердловская область ПЗ=1,1 (ОЗП=1,1; ЭМ=1,1; ЗПМ=1,1; МАТ=1,1) | D34: 1 т груза | E34: 193.6 | F34: 12.56 | H34: 12.56 | J34: 2432 | L34: 2432
A35: Итого по разделу 1 Земляные работы по устройсву колодца и укладке труб | J35: 57635 | O35: 266.23 | Q35: 38.3
A36: ИТОГИ ПО СМЕТЕ:
A37: Итого прямые затраты по смете в ценах 2001г. | J37: 48909 | K37: 2670 | L37: 7055 | M37: 483 | O37: 231.51 | Q37: 33.31
A38: Итого прямые затраты по смете с учетом коэффициентов к итогам | J38: 50160 | K38: 3203 | L38: 7773 | M38: 580 | O38: 266.23 | Q38: 38.3
A39: В том числе, справочно:
A40: Районный к-т 4,3% (Поз. 1-2, 9-10, 3-4, 7, 5) | J40: 136 | K40: 115 | L40: 21 | M40: 21
A41: 4. Производство строительных и других работ на открытых и полуоткрытых производственных площадках в стесненных условиях: с наличием в зоне производства работ действующего технологического оборудования или движения технологического транспорта ОЗП=1,15; ЭМ=1,15; ЗПМ=1,15; ТЗ=1,15; ТЗМ=1,15 (Поз. 1-2, 9-10, 3-4, 7, 5) | J41: 1115 | K41: 418 | L41: 697 | M41: 76 | O41: 34.7265 | Q41: 4.9965
A42: Накладные расходы | J42: 4531
A43: В том числе, справочно:
A44: 80% ФОТ (от 127) (Поз. 3) | J44: 102
A45: 95% ФОТ (от 130) (Поз. 1-2, 9-10) | J45: 124
A46: 122% ФОТ (от 3489) (Поз. 4, 7) | J46: 4257
A47: 130% ФОТ (от 37) (Поз. 5) | J47: 48
A48: Сметная прибыль | J48: 2944
A49: В том числе, справочно:
A50: 45% ФОТ (от 127) (Поз. 3) | J50: 57
A51: 50% ФОТ (от 130) (Поз. 1-2, 9-10) | J51: 65
A52: 80% ФОТ (от 3489) (Поз. 4, 7) | J52: 2791
A53: 85% ФОТ (от 37) (Поз. 5) | J53: 31
A54: Итоги по смете:
A55: Итого | J55: 57635 | O55: 266.23 | Q55: 38.3
A56: В том числе:
A57: Материалы | J57: 39184
A58: Машины и механизмы | J58: 7773
A59: ФОТ | J59: 3783
A60: Накладные расходы | J60: 4531
A61: Сметная прибыль | J61: 2944
A62: ВСЕГО по смете | J62: 57635 | O62: 266.23 | Q62: 38.3
B64: Начальник отд. 078 _________________________ Т.М.Ковязина | I64: Составил ведущий инженер __________________ В.В.Воронкова
I65: 11.08.14 г.

Sheet 25468
A1: СОГЛАСОВАНО: | E1: ФГУП "Комбинат "Электрохимприбор" | M1: УТВЕРЖДАЮ:
G2: (наименование стройки) | M2: Зам. генерального директора
M3: Е.В.Гордеев
A4: _________________ | M4: _________________
A5: " _____ " ________________ 2014 г. | M5: "______ " __________2014 г.
G6: ЛОКАЛЬНЫЙ СМЕТНЫЙ РАСЧЕТ № 25468
G7: (локальная смета)
C9: на | D9: установку жироуловителя. В/ч 3275. Столовая. Инв.№ 5500459
D10: Раздел: Силовое электрооборудование.
G11: (наименование работ и затрат, наименование объекта)
D13: Основание: проект № 24961-14-ЭМ | N13: Справочно, в тыс.руб. :
D14: Сметная стоимость _______________________________________________________________________________________________ | J14: ___________________________4,988 | L14: тыс. руб. | N14: ВСЕГО: | P14: =P15+P16+P17 -> 31.38974
D15: строительных работ _______________________________________________________________________________________________ | J15: _______________________________________________________________________________________________0,311 | L15: тыс. руб. | N15: с К=5,98 | P15: =5.98*0.311 -> 1.85978
D16: монтажных работ _______________________________________________________________________________________________ | J16: _______________________________________________________________________________________________4,330 | L16: тыс. руб. | N16: с К=5,98 | P16: =5.98*4.33 -> 25.8934
D17: прочих (ПНР "в холостую") _______________________________________________________________________________________________ | J17: _______________________________________________________________________________________________0,347 | L17: тыс. руб. | N17: с К=10,48 | P17: =10.48*0.347 -> 3.63656
D18: Средства на оплату труда _______________________________________________________________________________________________ | J18: ___________________________0,953 | L18: тыс. руб.
D19: Сметная трудоемкость _______________________________________________________________________________________________ | J19: _______________________________________________________________________________________________57,37 | L19: чел.час
D20: Материалы ______________________________________ | K20: =J93/1000 -> 1.939 | L20: тыс.руб. | N20: с К=5,98 | P20: =K20*5.98 -> 11.59522
D21: Составлен(а) в базовых ценах 2001г. в редакции 2009г.
A23: № пп | B23: Обоснование | C23: Наименование | D23: Ед. изм. | E23: Кол. | F23: Стоимость единицы, руб. | J23: Общая стоимость, руб. | N23: Т/з осн. раб.на ед. | O23: Т/з осн. раб. Всего | P23: Т/з мех. на ед. | Q23: Т/з мех. Всего
F24: Всего | G24: В том числе | J24: Всего | K24: В том числе
G25: Осн.З/п | H25: Эк.Маш | I25: З/пМех | K25: Осн.З/п | L25: Эк.Маш | M25: З/пМех
A26: 1 | B26: 2 | C26: 3 | D26: 4 | E26: 5 | F26: 6 | G26: 7 | H26: 8 | I26: 9 | J26: 10 | K26: 11 | L26: 12 | M26: 13 | N26: 14 | O26: 15 | P26: 16 | Q26: 17
A27: Раздел 1. Монтажные работы
A28: 1 | B28: ФЕРм08-02-390-01 | C28: Короба пластмассовые: шириной до 40 мм КОЭФ. К ПОЗИЦИИ: Приведение расценок ФЕР к территориальному уровню (Письмо УРЦЦС Ц-297 от 12.04.2011) ОЗП=1,41; ЭМ=1,242; ЗПМ=1,41; МАТ=1,052 | D28: 100 м | E28: 0.1 | F28: 311.4 | G28: 218.44 | H28: 38.75 | I28: 0.17 | J28: 31 | K28: 22 | L28: 4 | N28: 16.29 | O28: 1.63 | P28: 0.01
A29: 2 | B29: Цена поставщика | C29: Кабель-канал 25х16 "ЭЛЕКОР" CKK10-025-016-1-K01 | D29: м | E29: 10 | F29: 3,71 26,15/1.18/5.98 | J29: 37
A30: 3 | B30: Цена поставщика | C30: Соединитель на стык КМС 25х16 "ЭЛЕКОР" CKK10D-S-025-016-K01 | D30: шт | E30: 5 | F30: 1,19 8,40/1,18/5,98 | J30: 6
A31: 4 | B31: Цена поставщика | C31: Заглушка КМЗ 25х16 "ЭЛЕКОР" CKK10D-Z-025-016-K01 | D31: шт | E31: 2 | F31: 1,39 9,80/1,18/5,98 | J31: 3
A32: 5 | B32: Цена поставщика | C32: Поворот 90 гр. КМП 25х16 "ЭЛЕКОР" CKK10D-P-025-016-K01 | D32: шт | E32: 2 | F32: 1,5 10,61/1,18/5,98 | J32: 3
A33: 6 | B33: Цена поставщика | C33: Внутренний угол КМВ 25х16 "ЭЛЕКОР" CKK10D-V-025-016-K01 | D33: шт | E33: 2 | F33: 1,69 11,90/1,18/5,98 | J33: 3
A34: 7 | B34: Цена поставщика | C34: Внутренний угол КМВ 25х16 "ЭЛЕКОР" CKK10D-N-025-016-K01 | D34: шт | E34: 2 | F34: 1,69 11,90/1,18/5,98 | J34: 3
A35: 8 | B35: ТСЦ-501-8190 | C35: Кабель силовой с медными жилами с поливинилхлоридной изоляцией в поливинилхлоридной оболочке без защитного покрова ВВГ, напряжением 0,66 Кв, число жил 3 и сечением 1,5 мм2 | D35: 1000 м | E35: 0.02 | F35: 6962.8 | J35: 139
A36: 9 | B36: ТСЦ-501-0809 | C36: Кабели контрольные с медными жилами с поливинилхлоридной изоляцией и оболочкой марки КВВГ, с числом жил - 10 и сечением 1,5 мм2 | D36: 1000 м | E36: 0.025 | F36: 16855 | J36: 421
A37: 10 | B37: ТЕРм08-02-399-01 | C37: Провод (кабель) в коробах, сечением до 6 мм2 КОЭФ. К ПОЗИЦИИ: 1.8.3.ОП При производстве работ на высоте свыше расстояний, указанных в вводных указаниях к разделам сборника: при высоте свыше 2 до 8 м ОЗП=1,05; ТЗ=1,05 | D37: 100 м | E37: 0.12 | F37: 191.56 | G37: 48.97 | H37: 56.09 | I37: 24.55 | J37: 23 | K37: 6 | L37: 7 | M37: 3 | N37: 3.7 | O37: 0.44 | P37: 1.57 | Q37: 0.19
A38: 11 | B38: ТСЦ-103-0002 | C38: Трубы стальные сварные водогазопроводные с резьбой черные легкие (неоцинкованные) диаметр условного прохода 20 мм, толщина стенки 2,5 мм | D38: м | E38: 1 | F38: 14.72 | J38: 15
A39: 12 | B39: ТЕРм08-02-407-01 | C39: Труба стальная по установленным конструкциям, по стенам с креплением скобами, диаметр до 25 мм КОЭФ. К ПОЗИЦИИ: 1.8.3.ОП При производстве работ на высоте свыше расстояний, указанных в вводных указаниях к разделам сборника: при высоте свыше 2 до 8 м ОЗП=1,05; ТЗ=1,05 | D39: 100 м | E39: 0.01 | F39: 2547.61 | G39: 428.51 | H39: 897.93 | I39: 320.97 | J39: 25 | K39: 4 | L39: 9 | M39: 3 | N39: 32.34 | O39: 0.32 | P39: 20.47 | Q39: 0.2
A40: 13 | B40: ТСЦ-103-0010 | C40: Трубы стальные сварные водогазопроводные с резьбой черные легкие (неоцинкованные) диаметр условного прохода 100 мм, толщина стенки 4 мм | D40: м | E40: 6 | F40: 100.13 | J40: 601
A41: 14 | B41: ТЕРм08-02-407-10 прим. | C41: Труба стальная в ПНД-труб существующей, диаметр до 100 мм | D41: 100 м | E41: 0.06 | F41: 2522.01 | G41: 722.13 | H41: 590.48 | I41: 34.4 | J41: 151 | K41: 43 | L41: 35 | M41: 2 | N41: 54.5 | O41: 3.27 | P41: 1.89 | Q41: 0.11
A42: 15 | B42: ТЕРм08-02-412-03 | C42: Затягивание провода в проложенные трубы и металлические рукава первого одножильного или многожильного в общей оплетке, суммарное сечение до 16 мм2 (КВВГ нг 10х1,5 мм2) | D42: 100 м | E42: 0.15 | F42: 730.59 | G42: 104.15 | H42: 11.69 | I42: 0.73 | J42: 110 | K42: 16 | L42: 2 | N42: 7.86 | O42: 1.18 | P42: 0.04 | Q42: 0.01
A43: 16 | B43: ТЕРм10-04-066-04 | C43: Монтаж: коробка ответвительная с кабельными вводами DKC | D43: 1 шт. | E43: 2 | F43: 58.16 | G43: 48.04 | J43: 116 | K43: 96 | N43: 4 | O43: 8
A44: 17 | B44: Цена поставщика | C44: Коробка ответвительная DKC 100х100мм 53800R | D44: шт | E44: 2 | F44: 16,32 115,19/1,18/5,98 | J44: 33
A45: 18 | B45: ТЕРм10-04-030-04 | C45: Установка колодки клеммной на 20 клемм | D45: 1 шт. | E45: 1 | F45: 27.06 | G45: 11.51 | J45: 27 | K45: 12 | N45: 1 | O45: 1
A46: 19 | B46: Цена поставщика | C46: Клеммная колодка 43112NY DKC | D46: шт | E46: 1 | F46: 7,59 53,58/1,18/5,98 | J46: 8
A47: 20 | B47: ТЕР46-03-009-08 | C47: Пробивка в кирпичных стенах отверстий круглых диаметром до 50 мм при толщине стен до 51 см КОЭФ. К ПОЗИЦИИ: на увеличение толщины до 700 мм ПЗ=1,37 (ОЗП=1,37; ЭМ=1,37 к расх.; ЗПМ=1,37; МАТ=1,37 к расх.; ТЗ=1,37; ТЗМ=1,37) | D47: 100 шт. | E47: 0.01 | F47: 7211.79 | G47: 1721.9 | H47: 5489.89 | I47: 608.17 | J47: 72 | K47: 17 | L47: 55 | M47: 6 | N47: 133.07 | O47: 1.33 | P47: 38.94 | Q47: 0.39
A48: 21 | B48: ТЕРм08-02-374-01 | C48: Устройство ввода в здание в стальной трубе, провод сечением до 16 мм2, количество проводов в линии 2 | D48: 1 шт. | E48: 1 | F48: 499.66 | G48: 47.48 | H48: 437.69 | I48: 50.96 | J48: 500 | K48: 47 | L48: 438 | M48: 51 | N48: 3.21 | O48: 3.21 | P48: 2.8 | Q48: 2.8
A49: 22 | B49: ТЕРм08-02-155-01 | C49: Герметизация проходов при вводе кабелей во взрывоопасные помещения огнестойкой пеной DF1201 DKC 9,67 = 22,58 - 0,72 x 17,93 | D49: 1 проход кабеля | E49: 1 | F49: 9.67 | G49: 6.37 | J49: 10 | K49: 6 | N49: 0.47 | O49: 0.47
A50: 23 | B50: Цена поставщика | C50: Пена монтажная огнестойкая в баллончике DF1201 DKC | D50: шт. | E50: 1 | F50: 206,76 1458,99/1,18/5,98 | J50: 207
A51: 24 | B51: ТЕРр69-04-01 | C51: Заделка отверстий в местах прохода трубопроводов в: стенах и перегородках оштукатуренных | D51: 100 отверстий | E51: 0.01 | F51: 1325.92 | G51: 944.71 | H51: 1.07 | I51: 0.6 | J51: 13 | K51: 9 | N51: 78.66 | O51: 0.79 | P51: 0.05
A52: 25 | B52: ФЕРр69-16-2 | C52: Ремонт отмостки: бетонной толщиной 15 см (разборка и восстановление, уборка мусора) КОЭФ. К ПОЗИЦИИ: Приведение расценок ФЕР к территориальному уровню (Письмо УРЦЦС Ц-297 от 12.04.2011) ОЗП=1,41; ЭМ=1,242; ЗПМ=1,41; МАТ=1,052 | D52: 100 м2 отмостки | E52: 0.01 | F52: 14756.43 | G52: 1444.46 | H52: 4096.8 | I52: 122.15 | J52: 148 | K52: 14 | L52: 41 | M52: 1 | N52: 126.63 | O52: 1.27 | P52: 8.33 | Q52: 0.08
A53: Подключение датчиков
A54: 26 | B54: ТЕРм10-02-016-06 | C54: Монтаж: отдельно устанавливаемый блок сигнализации | D54: 1 шт. | E54: 1 | F54: 256.7 | G54: 157.76 | H54: 33.83 | I54: 6.87 | J54: 257 | K54: 158 | L54: 34 | M54: 7 | N54: 10.1 | O54: 10.1 | P54: 0.44 | Q54: 0.44
A55: 27 | B55: ТЕРм08-02-146-01 | C55: Кабель до 35 кВ с креплением накладными скобами, масса 1 м кабеля до 0,5 кг (комплектный ПВС 3х0,35мм2) | D55: 100 м кабеля | E55: 0.02 | F55: 2828.73 | G55: 199.19 | H55: 1292.95 | I55: 147.72 | J55: 57 | K55: 4 | L55: 26 | M55: 3 | N55: 14.7 | O55: 0.29 | P55: 8.36 | Q55: 0.17
A56: 28 | B56: ТЕРм11-03-011-01 | C56: Монтаж: датчики, категория сложности I | D56: 1 компл. | E56: 2 | F56: 114.59 | G56: 61.78 | H56: 42.29 | I56: 2.73 | J56: 229 | K56: 124 | L56: 85 | M56: 5 | N56: 4.49 | O56: 8.98 | P56: 0.15 | Q56: 0.3
A57: Итого по разделу 1 Монтажные работы | J57: 4641 | O57: 48.11 | Q57: 5.32
A58: Раздел 2. Пусконаладочные работы (в холостую 80%)
A59: 29 | B59: ТЕРп01-11-013-01 | C59: Замер полного сопротивления цепи «фаза-нуль» | D59: 1 токоприемник | E59: 3 | F59: 27.06 | G59: 27.06 | J59: 81 | K59: 81 | N59: 1.5 | O59: 4.5
A60: 30 | B60: ТЕРп01-11-011-01 | C60: Проверка наличия цепи между заземлителями и заземленными элементами | D60: 100 точек | E60: 0.03 | F60: 288.64 | G60: 288.64 | J60: 9 | K60: 9 | N60: 16 | O60: 0.48
A61: 31 | B61: ТЕРп01-11-028-01 | C61: Измерение сопротивления изоляции мегаомметром кабельных и других линий напряжением до 1 кВ, предназначенных для передачи электроэнергии к распределительным устройствам, щитам, шкафам, коммутационным аппаратам и электропотребителям | D61: 1 линия | E61: 4 | F61: 7.22 | G61: 7.22 | J61: 29 | K61: 29 | N61: 0.4 | O61: 1.6
A62: 32 | B62: ТЕРп01-09-010-01 | C62: Функциональная группа управления релейно-контакторная с общим числом внешних блокировочных связей до 3 | D62: 1 шт. | E62: 1 | F62: 83.43 | G62: 83.43 | J62: 83 | K62: 83 | N62: 5 | O62: 5
A63: Итого по разделу 2 Пусконаладочные работы (в холостую 80%) | J63: 347 | O63: 9.26
A64: ИТОГИ ПО СМЕТЕ:
A65: Итого прямые затраты по смете в ценах 2001г. | J65: 3450 | K65: 780 | L65: 736 | M65: 81 | O65: 53.86 | Q65: 4.69
A66: Итого прямые затраты по смете с учетом коэффициентов к итогам | J66: 3632 | K66: 856 | L66: 837 | M66: 97 | O66: 57.37 | Q66: 5.32
A67: В том числе, справочно:
A68: Районный к-т 4,3% (Поз. 20, 24-25, 1, 10, 12, 14-15, 21-22, 27, 16, 18, 26, 28-32) | J68: 38 | K68: 34 | L68: 3 | M68: 3
A69: Заготовительно-складские расходы на материалы - согласно п.4.64 из МДС 81-35.2004 МАТ=1,02 (Поз. 2-7, 19, 23) | J69: 5
A70: 4. Производство строительных и других работ на открытых и полуоткрытых производственных площадках в стесненных условиях: с наличием в зоне производства работ действующего технологического оборудования или движения технологического транспорта ОЗП=1,15; ЭМ=1,15; ЗПМ=1,15; ТЗ=1,15; ТЗМ=1,15 (Поз. 1, 10, 12, 14-15, 21-22, 27, 16, 18, 26, 28) | J70: 181 | K70: 84 | L70: 97 | M70: 12 | O70: 5.8335 | Q70: 0.633
A71: Пусконаладочные работы (вхолостую 80%) ПЗ=0,8 (ОЗП=0,8; ЭМ=0,8; ЗПМ=0,8; МАТ=0,8; ТЗ=0,8; ТЗМ=0,8) (Поз. 29-32) | J71: -42 | K71: -42 | O71: -2.316
A72: Накладные расходы | J72: 797
A73: В том числе, справочно:
A74: 65% ФОТ (от 169) (Поз. 29-32) | J74: 110
A75: 78% ФОТ (от 25) (Поз. 24-25) | J75: 20
A76: 80% ФОТ (от 353) (Поз. 26, 28) | J76: 282
A77: 92% ФОТ (от 130) (Поз. 16, 18) | J77: 120
A78: 95% ФОТ (от 252) (Поз. 1, 10, 12, 14-15, 21-22, 27) | J78: 239
A79: 110% ФОТ (от 24) (Поз. 20) | J79: 26
A80: Сметная прибыль | J80: 559
A81: В том числе, справочно:
A82: 40% ФОТ (от 169) (Поз. 29-32) | J82: 68
A83: 50% ФОТ (от 25) (Поз. 24-25) | J83: 13
A84: 60% ФОТ (от 353) (Поз. 26, 28) | J84: 212
A85: 65% ФОТ (от 382) (Поз. 1, 10, 12, 14-15, 21-22, 27, 16, 18) | J85: 249
A86: 70% ФОТ (от 24) (Поз. 20) | J86: 17
A87: Итоги по смете:
A88: Итого Строительные работы | J88: 311 | O88: 3.39 | Q88: 0.47
A89: Итого Монтажные работы | J89: 4330 | O89: 44.72 | Q89: 4.85
A90: Итого Прочие затраты | J90: 347 | O90: 9.26
A91: Итого | J91: 4988 | O91: 57.37 | Q91: 5.32
A92: В том числе:
A93: Материалы | J93: 1939
A94: Машины и механизмы | J94: =837-M66 -> 740
A95: ФОТ | J95: 953
A96: Накладные расходы | J96: 797
A97: Сметная прибыль | J97: 559
A98: ВСЕГО по смете | J98: =SUM(J93:J97) -> 4988 | O98: 57.37 | Q98: 5.32
B100: Начальник отд. 078 _________________________ Т.М.Ковязина | I100: Составил ведущий инженер __________________ В.В.Воронкова
I101: 21.08.14 г.
